 Dungeon Crawl Stone Soup version 0.30-a0-782-ge64f9170bb (webtiles) character file.

Game seed: 8593770211251408335

558039 MackTheKnife the Black Belt (level 26, -5/205 HPs)
             Began as an Octopode Wanderer on Feb 23, 2023.
             Was a High Priest of Ashenzari.
             Killed from afar by an orb of fire (18 damage)
             ... with a bolt of fire
             ... on level 5 of the Realm of Zot on Mar 8, 2023.
             The game lasted 02:10:19 (65279 turns).

MackTheKnife the Black Belt (Octopode Wanderer)    Turns: 65279, Time: 02:10:19

Health: -5/205     AC: 24    Str: 16 (17) XL:     26   Next: 54%
Magic:  21/54      EV: 40    Int: 38 (39) God:    Ashenzari [*****.]
Gold:   4978       SH:  0    Dex: 15 (17) Spells: 8/61 levels left

rFire   + + .      SeeInvis +      - Unarmed
rCold   + . .      Faith    .    (shield currently unavailable)
rNeg    + + +      Spirit   .    (helmet currently unavailable)
rPois   ∞          Reflect  .    Y - amulet "Anarchy of Ashenzari" {RegenMP, @e2, Self, Melee} (curse)
rElec   +          Harm     .    k - ring of Ashenzari's Omission {rF+ rC+ Dex+3, Melee, Elem} (curse)
rCorr   +          Rampage  .    F - ring of Kiskiz {rN+ AC+4 Str+2 Slay+4}
Will    +++..      Clarity  +    M - ring "Bound Scepticism" {Fly Int+7 SInv, Alch, Comp} (curse)
Stlth   +                        r - ring of Cremastomancy {Int+6, Cun, Alch} (curse)
HPRegen 0.54/turn                L - ring of the Sidereal Augur {rPois Will+, Cun, Bglg} (curse)
MPRegen 0.74/turn                c - ring of Apeoromancy {rCorr MP+9 Dex+2, Cun, Self} (curse)
                                 n - ring "Ensconced Frustration" {Drain rPois rN++ EV+5, Cun, Melee} (curse)
                                 R - ring of the Circumscribed Moon {rF+ rN++ Will+ Int+2 Stlth-, Self, Alch} (curse)

@: storm-form, blinkbolt cooldown, flying, studying Short Blades, unable to
read, unable to drink
A: cleaving, insubstantial, flying, almost no armour, amphibious, 8 rings,
(camouflage 1), (gelatinous body 1), (nimble swimmer 1), (tentacles), (antennae
1), (iridescent scales 1), clever 1, clumsy 1, (cold resistance 1), strong 1,
inability to drink after injury 2, inability to read after injury 2
}: 3/15 runes: decaying, silver, gossamer
a: Blinkbolt, End Transformation, Renounce Religion, Curse Item, Shatter the
Chains


You were on level 5 of the Realm of Zot.
You worshipped Ashenzari.
Ashenzari was extremely pleased with you.
You were a lightning-filled tempest!
You visited 10 branches of the dungeon, and saw 48 of its levels.
You also visited: Trove, Gauntlet and Wizlab.

You collected 8589 gold pieces.
You spent 3611 gold pieces at shops.


Innate Abilities, Weirdness & Mutations

You are a lightning-filled tempest!
Your electrical attacks strike out in all directions at once.
You are incredibly evasive.
Your insubstantial body is immune to petrification, constriction, and being set on fire You are flying.
You are immune to poison.
Your armour is entirely melded.
You are incapable of wielding weapons or throwing items.
You cannot wear most types of armour.
You are amphibious.
You can wear up to eight rings at the same time.
((Your skin changes colour to match your surroundings (Stealth+).))
((Your rubbery body absorbs attacks. (AC +1, EV +1)))
((You are camouflaged when in or above water. (Stealth+)))
((You have tentacles for arms and can constrict up to eight enemies at once.))
((You have a pair of small antennae on your head.))
((You are partially covered in iridescent scales. (AC +2)))
Your mind is acute. (Int +4, Str/Dex -1)
You are clumsy. (Dex -2)
((Your flesh is cold resistant. (rC+)))
Your muscles are strong. (Str +4, Int/Dex -1)
You sometimes lose the ability to drink potions when taking damage.
You sometimes lose the ability to read scrolls when taking damage.


   Skills:
 - Level 18.9(23.1) Fighting
 - Level 2.0(5.2) Short Blades
 - Level 18.2(23.4) Dodging
 - Level 19.7(23.8) Unarmed Combat
 - Level 13.7(18.2) Spellcasting
 - Level 10.8(13.0) Conjurations
 - Level 10.1(12.4) Hexes
 - Level 14.6(16.8) Summonings
 - Level 12.3(14.5) Necromancy
 + Level 10.0(12.3) Translocations
 - Level 12.2(16.7) Transmutations
 - Level 11.9(14.2) Air Magic
 - Level 9.2(11.5) Earth Magic
 - Level 1.0 Invocations
 - Level 9.0 Evocations


You had 8 spell levels left.
You knew the following spells:

 Your Spells              Type           Power      Damage    Failure   Level
a - Wereblood             Tmut           100%       N/A       0%          2
b - Enfeeble              Hex            46%        N/A       4%          7
c - Irradiate             Conj/Tmut      49%        3d28      1%          5
d - Malign Gateway        Summ/Tloc      49%        N/A       1%          7
f - Statue Form           Tmut/Erth      64%        N/A       1%          6
g - Yara's Violent Unrav  Hex/Tmut       49%        3d19      1%          5
h - Monstrous Menagerie   Summ           52%        N/A       1%          7
i - Storm Form            Tmut/Air       50%        N/A       1%          7
k - Haunt                 Necr/Summ      50%        N/A       1%          7

Your spell library contained the following spells:

 Spells                   Type           Power      Damage    Failure   Level
 Beastly Appendage        Tmut           100%       N/A       0%          1
 Magic Dart               Conj           100%       1d8       0%          1
 Necrotise                Necr           100%       1d9       0%          1
 Slow                     Hex            100%       N/A       0%          1
 Summon Small Mammal      Summ           100%       N/A       0%          1
 Blink                    Tloc           100%       N/A       0%          2
 Call Imp                 Summ           100%       N/A       0%          2
 Passwall                 Tmut/Erth      80%        N/A       0%          2
 Searing Ray              Conj           100%       2d8       0%          2
 Static Discharge         Conj/Air       100%       2-7/arc   0%          2
 Sublimation of Blood     Necr           98%        N/A       0%          2
 Call Canine Familiar     Summ           100%       N/A       0%          3
 Confusing Touch          Hex            92%        N/A       0%          3
 Dazzling Flash           Conj/Hex       100%       N/A       0%          3
 Portal Projectile        Hex/Tloc       100%       N/A       0%          3
 Stone Arrow              Conj/Erth      100%       3d13      0%          3
 Summon Guardian Golem    Hex/Summ       98%        N/A       0%          3
 Swiftness                Air            97%        N/A       0%          3
 Tukima's Dance           Hex            92%        N/A       0%          3
 Vampiric Draining        Necr           98%        2d13      0%          3
 Vhi's Electric Charge    Tloc/Air       100%       N/A       0%          3
 Summon Lightning Spire   Summ/Air       100%       N/A       0%          4
 Ensorcelled Hibernation  Hex/Ice        100%       N/A       1%          2
 Poisonous Vapours        Pois/Air       100%       N/A       1%          2
 Hailstorm                Conj/Ice       71%        3d15      1%          3
 Inner Flame              Hex/Fire       70%        N/A       1%          3
 Mephitic Cloud           Conj/Pois/Air  81%        N/A       1%          3
 Spider Form              Tmut/Pois      79%        N/A       1%          3
 Airstrike                Air            48%        2d(7-23)  1%          4
 Anguish                  Hex/Necr       47%        N/A       1%          4
 Cause Fear               Hex            46%        N/A       1%          4
 Fulminant Prism          Conj/Hex       46%        3d21      1%          4
 Ice Form                 Ice/Tmut       78%        N/A       1%          4
 Leda's Liquefaction      Hex/Erth       45%        N/A       1%          4
 Manifold Assault         Tloc           91%        N/A       1%          4
 Passage of Golubria      Tloc           91%        N/A       1%          4
 Petrify                  Tmut/Erth      97%        N/A       1%          4
 Summon Ice Beast         Ice/Summ       79%        N/A       1%          4
 Agony                    Necr           98%        N/A       1%          5
 Alistair's Intoxication  Tmut/Pois      52%        N/A       1%          5
 Arcjolt                  Conj/Air       47%        1d57      1%          5
 Blade Hands              Tmut           52%        N/A       1%          5
 Borgnjor's Vile Clutch   Necr/Erth      46%        N/A       1%          5
 Fireball                 Conj/Fire      35%        3d15      1%          5
 Freezing Cloud           Conj/Ice/Air   40%        6-21      1%          5
 Iskenderun's Battlesphe  Conj           94%        2d14      1%          5
 Lee's Rapid Deconstruct  Erth           44%        3d21*     1%          5
 Lightning Bolt           Conj/Air       47%        1d68      1%          5
 Metabolic Englaciation   Hex/Ice        35%        N/A       1%          5
 Silence                  Hex/Air        47%        N/A       1%          5
 Summon Forest            Summ/Tloc      49%        N/A       1%          5
 Summon Mana Viper        Hex/Summ       98%        N/A       1%          5
 Conjure Ball Lightning   Conj/Air       47%        3x3d16    1%          6
 Dispersal                Tloc           45%        N/A       1%          6
 Dragon Form              Tmut           52%        N/A       1%          7
 Summon Hydra             Summ           52%        N/A       1%          7
 Frozen Ramparts          Ice            72%        1d11      2%          3
 Eringya's Noxious Bog    Tmut/Pois      39%        N/A       3%          6
 Orb of Destruction       Conj           47%        9d12      3%          7
 Simulacrum               Ice/Necr       37%        N/A       6%          6
 Summon Horrible Things   Summ           52%        N/A       6%          8
 Necromutation            Tmut/Necr      50%        N/A       10%         8
 Maxwell's Capacitive Co  Air            48%        ∞         17%         8
 Discord                  Hex            46%        N/A       34%         8
 Disjunction              Tloc           45%        N/A       34%         8
 Dragon's Call            Summ           52%        N/A       65%         9
 Polar Vortex             Ice            18%        N/A       100%        9

Inventory:

Armour
 N - the cursed +0 hat "Idealism of Ashenzari" (melded) {Int+3, Melee, Evo}
   (You found it in a Gauntlet)

   It has a curse which improves the following skills: Melee Combat: Short
   Blades, Long Blades, Axes, Maces & Flails, Polearms, Staves and Unarmed
   Combat.
   Evocations: Evocations.
Jewellery
 c - the cursed ring of Apeoromancy (on tentacle) {rCorr MP+9 Dex+2, Cun, Self}
   (You took it off a deep elf high priest on level 3 of the Elven Halls)

   [ring of resist corrosion]

   Dex:       It affects your dexterity (+2).
   MP:        It affects your magic capacity (+9).
   rCorr:     It protects you from acid and corrosion.
   It has a curse which improves the following skills: Cunning: Dodging and
   Stealth.
   Introspection: Fighting and Spellcasting.
 k - the cursed ring of Ashenzari's Omission (left tentacle) {rF+ rC+ Dex+3, Melee, Elem}
   (You bought it in a shop on level 2 of the Depths)

   [ring of protection from cold]

   Dex:       It affects your dexterity (+3).
   rF:        It protects you from fire.
   rC:        It protects you from cold.
   It has a curse which improves the following skills: Melee Combat: Short
   Blades, Long Blades, Axes, Maces & Flails, Polearms, Staves and Unarmed
   Combat.
   Elements:  Fire Magic, Ice Magic, Air Magic and Earth Magic.
 n - the cursed ring "Ensconced Frustration" (on tentacle) {Drain rPois rN++ EV+5, Cun, Melee}
   (You bought it in a shop on level 2 of the Orcish Mines)

   [ring of evasion]

   EV:        It affects your evasion (+5).
   rPois:     It protects you from poison.
   rN:        It greatly protects you from negative energy.
   Drain:     It drains your maximum health when unequipped.
   It has a curse which improves the following skills: Cunning: Dodging and
   Stealth.
   Melee Combat: Short Blades, Long Blades, Axes, Maces & Flails, Polearms,
   Staves and Unarmed Combat.
 r - the cursed ring of Cremastomancy (on tentacle) {Int+6, Cun, Alch}
   (You took it off a fenstrider witch on level 1 of the Swamp)

   [ring of intelligence]

   Int:       It affects your intelligence (+6).
   It has a curse which improves the following skills: Cunning: Dodging and
   Stealth.
   Alchemy:   Poison Magic and Transmutations.
 F - the ring of Kiskiz (right tentacle) {rN+ AC+4 Str+2 Slay+4}
   (You found it on level 5 of the Vaults)

   [ring of protection]

   AC:        It affects your AC (+4).
   Str:       It affects your strength (+2).
   Slay:      It affects your accuracy & damage with ranged weapons and melee
   (+4).
   rN:        It protects you from negative energy.
 L - the cursed ring of the Sidereal Augur (on tentacle) {rPois Will+, Cun, Bglg}
   (You found it in a Gauntlet)

   [ring of willpower]

   rPois:     It protects you from poison.
   Will:      It increases your willpower.
   It has a curse which improves the following skills: Cunning: Dodging and
   Stealth.
   Beguiling: Conjurations, Hexes and Translocations.
 M - the cursed ring "Bound Scepticism" (on tentacle) {Fly Int+7 SInv, Alch, Comp}
   (You bought it in a shop on level 2 of the Depths)

   [ring of flight]

   Int:       It affects your intelligence (+7).
   SInv:      It lets you see invisible.
   Fly:       It grants you flight.
   It has a curse which improves the following skills: Alchemy: Poison Magic and
   Transmutations.
   Companions: Summonings and Necromancy.
 R - the cursed ring of the Circumscribed Moon (on tentacle) {rF+ rN++ Will+ Int+2 Stlth-, Self, Alch}
   (You found it on level 12 of the Dungeon)

   [ring of willpower]

   Int:       It affects your intelligence (+2).
   rF:        It protects you from fire.
   rN:        It greatly protects you from negative energy.
   Will:      It increases your willpower.
   Stlth:     It makes you less stealthy.
   It has a curse which improves the following skills: Introspection: Fighting
   and Spellcasting.
   Alchemy:   Poison Magic and Transmutations.
 Y - the cursed amulet "Anarchy of Ashenzari" (around neck) {RegenMP, @e2, Self, Melee}
   (You found it on level 1 of the Vaults)

   [amulet of magic regeneration]

   It increases your rate of magic regeneration.
   It has a curse which improves the following skills: Introspection: Fighting
   and Spellcasting.
   Melee Combat: Short Blades, Long Blades, Axes, Maces & Flails, Polearms,
   Staves and Unarmed Combat.
Wands
 o - a wand of charming (63)
   (You took it off Pikel on level 5 of the Dungeon)
 u - a wand of flame (55)
   (You took it off a gnoll on level 7 of the Dungeon)
 E - a wand of iceblast (45)
   (You found it on level 9 of the Dungeon)
 O - a wand of acid (5)
   (You found it on level 4 of the Lair of Beasts)
 X - a wand of digging (3)
   (You found it on level 4 of the Swamp)
Scrolls
 d - 20 scrolls of teleportation {@r4}
 f - 10 scrolls of amnesia
 g - 5 scrolls of blinking {!r}
 i - 11 scrolls of poison {!r}
 p - 4 scrolls of immolation {!r!r}
 q - 4 scrolls of fear
 s - 11 scrolls of butterflies
 w - 3 scrolls of fog
 G - a scroll of enchant weapon
 I - 7 scrolls of enchant armour
 K - 4 scrolls of torment {!r}
 U - 3 scrolls of brand weapon
 W - 3 scrolls of silence {!r}
Potions
 b - 27 potions of curing {@q1}
 e - 3 potions of cancellation
 h - 12 potions of haste {@q3}
 j - 2 potions of mutation {!q}
 l - 17 potions of brilliance
 m - 18 potions of heal wounds {@q2}
 t - a potion of magic
 A - 6 potions of might
 D - 10 potions of ambrosia
 H - 5 potions of invisibility
 S - 4 potions of attraction {!q}
 T - 6 potions of flight
Miscellaneous
 a - a lightning rod (4/4)
   (You found it on level 15 of the Dungeon)
 y - a box of beasts
   (You found it on level 7 of the Dungeon)
 z - a piece from Xom's chessboard (15/15)
   (You found it on level 9 of the Dungeon)
 C - a condenser vane
   (You found it on level 9 of the Dungeon)
 P - a phial of floods
   (You found it in a wizard's laboratory)
 Q - a tin of tremorstones (2/2) {throwing}
   (You found it on level 5 of the Lair of Beasts)
 Z - a phantom mirror
   (You found it on level 3 of the Elven Halls)

Dungeon Overview and Level Annotations

Branches:
Dungeon (15/15) Zot: 24125  Temple (1/1) D:4 Zot: 5705    Lair (5/5) D:10 Zot: 21715
  Swamp (4/4) Lair:3 Zot: 17979  Spider (4/4) Lair:2 Zot: 17241     Orc (2/2) D:10 Zot: 9823
    Elf (3/3) Orc:2 Zot: 13449  Vaults (5/5) D:14 Zot: 20727   Crypt (0/3) Vaults:3
 Depths (4/4) D:15 Zot: 15671     Zot (5/5) Depths:4 Zot: 25849  WizLab (visited)
Gauntlet (visited)
  Slime: Lair:4-5

Altars:
Ashenzari
Cheibriados
Dithmenos
Elyvilon
Fedhas
Gozag
Hepliaklqana
Kikubaaqudgha
Makhleb
Nemelex Xobeh
Okawaru
Qazlal
Ru
Sif Muna
Trog
Uskayaw
Vehumet
Wu Jian
Xom
Yredelemnul
Zin
The Shining One
Jiyva

Shops:
D:5 (   D:9 !   Orc:1 !   Orc:2 ?**=   Elf:1 :   Vaults:5 !?   Depths:1 [
Depths:2 =

Portals:
Hell: Depths:1 Depths:2 Depths:4
Pandemonium: Depths:2

Annotations:
D:5 2 runed translucent doors, mandick's ghost, amateur OpVM
D:9 3 runed translucent doors, MCDelver's ghost, journeyman OpFE; Prince Ribbit
D:10 2 transporters, GrimJard's ghost, journeyman DrCj
D:14 1 transporter
Lair:1 1 runed translucent door, Buces's ghost, novice DsTm
Lair:5 exclusion: 3 oklob plants
Elf:2 9 runed translucent doors
Zot:4 Josephina
Zot:5 exclusion: 2 upstairs

,,,,.......*...........▓
,,,,....../...........▓*
,,,,...../...........▓*
,,,,..../.....^...^.▓▓
,,,,...w.............▓▓
,,,,..................▓▓
,,,,...................▓
,,,,..........**.....^.▓
,,,,.........)**v.....▓▓
**^,.........).*X..^)▓▓
***▓...p....†q*y...▓▓
#▓▓▓▓▓▓▓▓▓▓▓##^...8▓▓
#..^^............)..##
...##................##
.###...........)..^...#*
###..^.................#
# #/...................#


You could see 6 orbs of fire, a white draconian stormcaller, an Orb Guardian
(berserk) and a moth of wrath.


Message History

The sentinel's mark upon you fades away.
The orb of fire emits a lurid red light.
The fireball explodes!
The fireball engulfs the orb of fire.
The orb of fire completely resists.
The fireball engulfs the orb of fire.
The orb of fire completely resists.
The fireball engulfs your lindwurm!!!
Your lindwurm dies!
Your lindwurm's corpse disappears in a puff of smoke!
The white draconian stormcaller breathes frost at you.
The blast of cold hits you! You resist.
* * * LOW HITPOINT WARNING * * *
😨 HP[-6]
You take 6 damage, and now have 89/205 hp.
Really fly into that permanent teleport trap?
You enter a permanent teleport trap!
Your surroundings suddenly seem different.
An orb of fire comes into view.
The white draconian stormcaller fails to trigger a net trap. 😨 MP[+1] Unknown command.
Okay, then.
You cannot read scrolls in your current state!
Okay, then.
Okay, then.
You cannot read scrolls in your current state!
Unknown command.
You cannot read scrolls in your current state!
Unknown command.
Okay, then.
Casting: Enfeeble (dangerous; 3% risk of failure)
Confirm with . or Enter, or press ? or * to list all spells.
Okay, then.
Unknown command.
Casting: Enfeeble (dangerous; 3% risk of failure)
Confirm with . or Enter, or press ? or * to list all spells.
You turn into a lightning-filled tempest!
The cursed +0 hat "Idealism of Ashenzari" {Int+3, Melee, Evo} melds into your body.
You feel stupid.
The orb of fire glows bright magenta.
The bolt of fire misses you.
The orb of fire emits a lurid red light.
Strange energies course through your body.
You occasionally lose the ability to drink potions when taking damage.
The orb of fire emits a lurid red light.
The fireball explodes!
The fireball engulfs you but does no damage.
The orb of fire glows bright magenta.
The fireball explodes!
The fireball engulfs you!! You resist.
* * * LOW HITPOINT WARNING * * *
The orb of fire emits a lurid red light.
The bolt of fire hits you!! You resist.
* * * LOW HITPOINT WARNING * * *
You hear a roar! 😱 HP[-38] MP[-6]
You take 38 damage, and now have 51/205 hp.
You lost 6 mp, and now have 20/54 mp.
Aiming: Blinkbolt
Press: ? - help, Dir - move target, p - orb of fire You see nothing there to target!
Casting: Storm Form (mildly dangerous; 1% risk of failure)
Confirm with . or Enter, or press ? or * to list all spells.
Aiming: Yara's Violent Unravelling (safe; 1% risk of failure)
Press: ? - help, Dir - move target
Okay, then.
Aiming: Blinkbolt
Press: ? - help, Dir - move target, f - moth of wrath
Aim: a moth of wrath (93% to hit)
The shock of your passage hits the white draconian stormcaller!
The shock of your passage hits the moth of wrath!!
You blink.
The orb of fire emits a lurid red light.
Strange energies course through your body.
You lose the ability to drink potions when taking damage more often.
The Orb Guardian hits you!!
You feel threatened and lose the ability to drink potions!
* * * LOW HITPOINT WARNING * * *
The white draconian stormcaller completely misses you.
The Killer Klown blinks! 😱 HP[-32] MP[+1]
You take 32 damage, and now have 19/205 hp.
Unknown command.
Unknown command.
Unknown command.
You cannot read scrolls in your current state!
You cannot drink potions in your current state!
You cannot drink potions in your current state!
You cannot drink potions in your current state!
You cannot drink potions in your current state!
You cannot drink potions in your current state!
The white draconian stormcaller attacks as you move away!
The white draconian stormcaller completely misses you.
The orb of fire's magic is no longer disrupted.
The Orb Guardian completely misses you.
The moth of wrath goads the Orb Guardian on!
The Orb Guardian goes berserk!
The orb of fire glows red.
The bolt of fire hits you! You resist.
* * * LOW HITPOINT WARNING * * *
The orb of fire emits a lurid red light.
The bolt of fire hits you!! You resist.
You die...

Skill      XL: |  1  2  3  4  5  6  7  8  9 10 11 12 13 14 15 16 17 18 19 20 21 22 23 24 25 26 |
---------------+-------------------------------------------------------------------------------+-----
Spellcasting   | 2 3 6 8 10 13 | 13.7
Conjurations   | 1 2 3 4 5 7 9 10 | 10.8
Air Magic      | 4 8 11 | 11.9
Transmutations | 1 3 6 9 10 12 | 12.2
Evocations     | 7 9 |  9.0
Summonings     | 3 4 6 8 10 13 14 | 14.6
Dodging        | 4 6 7 8 10 12 14 16 18 | 18.2
Fighting       | 4 7 8 9 11 12 13 14 15 17 18 | 18.9
Hexes          | 4 6 10 | 10.1
Earth Magic    | 2 5 9 |  9.2
Unarmed Combat | 9 11 13 15 16 18 19 | 19.7
Necromancy     | 9 12 | 12.3
Translocations | 10 | 10.0
Short Blades   | |  2.0
Invocations    | |  1.0

Action                     |  1- 3 |  4- 6 |  7- 9 | 10-12 | 13-15 | 16-18 | 19-21 | 22-24 | 25-27 || total
---------------------------+-------+-------+-------+-------+-------+-------+-------+-------+-------++-------
  Melee: Short sword       |    48 |    88 |   154 |   341 |   567 |       |       |       |       ||  1198
         Tentacles         |     9 |    19 |    52 |   105 |   232 |   289 |   313 |   205 |    14 ||  1238
         Constrict         |    11 |    27 |    34 |    75 |   108 |   161 |   144 |    78 |    11 ||   649
         Punch             |       |     1 |     1 |     8 |    32 |   139 |   160 |   197 |    94 ||   632
         Unarmed           |       |       |       |       |    56 |   859 |   877 |   860 |   426 ||  3078
   Cast: Poisonous Vapours |    22 |    49 |    71 |    34 |    18 |       |       |       |       ||   194
         Static Discharge  |       |    15 |    42 |     7 |       |       |       |       |       ||    64
         Irradiate         |       |       |     5 |    71 |   104 |    25 |    21 |    30 |     2 ||   258
         Call Canine Famil |       |       |       |     9 |    45 |       |       |       |       ||    54
         Summon Mana Viper |       |       |       |       |    39 |    11 |    14 |     5 |       ||    69
         Statue Form       |       |       |       |       |     9 |    89 |    78 |    45 |     7 ||   228
         Yara's Violent Un |       |       |       |       |       |     1 |     9 |    23 |       ||    33
         Monstrous Menager |       |       |       |       |       |    13 |    25 |     8 |     2 ||    48
         Enfeeble          |       |       |       |       |       |       |     8 |     2 |     5 ||    15
         Wereblood         |       |       |       |       |       |       |     1 |     4 |     2 ||     7
         Haunt             |       |       |       |       |       |       |       |    11 |     5 ||    16
         Storm Form        |       |       |       |       |       |       |       |    13 |    30 ||    43
         Malign Gateway    |       |       |       |       |       |       |       |       |     4 ||     4
 Invoke: Curse Item        |       |       |     2 |     5 |     7 |     2 |     1 |     1 |     2 ||    20
         Shatter the Chain |       |       |       |       |     4 |     2 |     1 |     4 |       ||    11
Ability: Blinkbolt         |       |       |       |       |       |       |       |       |     1 ||     1
  Evoke: Wand              |       |       |       |    12 |    14 |       |       |       |     1 ||    27
         Box of beasts     |       |       |       |     1 |     1 |     1 |     1 |       |     1 ||     5
         Condenser vane    |       |       |       |       |     5 |     3 |     3 |     3 |     1 ||    15
         Piece from Xom's  |       |       |       |       |     1 |       |       |       |       ||     1
         Tin of tremorston |       |       |       |       |     2 |       |     2 |       |       ||     4
         Phantom mirror    |       |       |       |       |       |       |       |     1 |     1 ||     2
    Use: Scroll            |       |     7 |     4 |       |     2 |     3 |     4 |    13 |     4 ||    37
         Potion            |       |       |       |     2 |     5 |       |       |    16 |     8 ||    31
   Stab: Sleeping          |     3 |     4 |     1 |     1 |       |       |       |       |       ||     9
         Distracted        |       |       |       |       |     9 |     5 |     7 |     4 |     4 ||    29
         Invisible         |       |       |       |       |       |       |     7 |       |       ||     7
         Paralysed         |       |       |       |       |       |       |     1 |       |       ||     1
 Armour: Skin              |     9 |    33 |    73 |   172 |   227 |   556 |   374 |   279 |    87 ||  1810
  Dodge: Dodged            |    24 |    55 |   124 |   362 |   851 |  1695 |  1243 |  1271 |   514 ||  6139

Levels and vault maps discovered:
D:1:      minmay_arrival_floating_metal, layout_basic,
          shapermc_ecumenical_altar_venn
D:2:      wad_river_or_something, layout_basic, basic_altar
D:3:      layout_loops_ring, kennysheep_doodads, dreamdust_princess_bridge,
          minmay_checkerbox
D:4:      layout_basic, minmay_temple_entry_gardened_gates, minmay_between
D:5:      layout_basic, led_xom_imps, serial_shops, shop, ebering_ghost_sewer_f,
          st_stairs_3, uniq_edmund
D:6:      layout_loops_ring, hangedman_minor_gate_pass, uniq_blork_the_orc,
          uniq_pikel
D:7:      layout_rooms, kennysheep_crisscross, lightli_minifort
D:8:      layout_basic
D:9:      layout_basic, chequers_temple_overflow_minitemple,
          gammafunk_ghost_split, serial_shops, shop, minivault_7,
          uniq_prince_ribbit1, uniq_maurice, uniq_erica
D:10:     layout_roguey, david_lair_shrubbed, zombieorc2_lemuel,
          gammafunk_ghost_wrathful_warriors
D:11:     layout_cave_pools
D:12:     layout_cave_pools, ebering_ghost_rock_garden, uniq_psyche
D:13:     layout_gridville
D:14:     layout_cave_pools, lightli_vaults_fourway_checkpoint,
          nicolae_gozag_conspicuous_consumption, serial_glass, glass_columns_a,
          glass_columns_a, nicolae_diode_stairs
D:15:     grunt_enter_depths_snipers, layout_cave_pods, lemuel_blue_sif_altar,
          minmay_crystal_box
Temple:   dpeg_five_rooms_temple
Lair:1:   layout_chaotic_city, ebering_ghost_funeral_grove
Lair:2:   layout_small_grid, hellmonk_spider_entry_life_and_decay, minivault_26,
          nicolae_quartered_pool_super
Lair:3:   layout_roguey, swamp_mist, grunt_megastairs_5, uniq_gastronok,
          uniq_sonja
Lair:4:   layout_small_grid, gauntlet_entry_generic, serial_bayou_shore_a,
          lemuel_fruit_tree
Lair:5:   minmay_lair_end_enchanted_forest, layout_regular_city,
          minmay_slime_entry_oklob_enclosed, grunt_megastairs_4,
          lemuel_fruit_fields, infiniplex_staircase_pool_2
Swamp:1:  nicolae_swamp_standing_stones, layout_falls_marsh,
          nicolae_swamp_small_spring, nicolae_swamp_snake_nest
Swamp:2:  layout_basic_swamp, nicolae_swamp_some_circles, uniq_donald
Swamp:3:  layout_falls_marsh, hangedman_swamp_lotus, uniq_kirke,
          uniq_bai_suzhen, uniq_nikola
Swamp:4:  swamp_vile, layout_basic_swamp
Spider:1: layout_cave_pods, nicolae_spider_orb_run
Spider:2: layout_spider_delve
Spider:3: layout_spider_delve
Spider:4: grunt_spider_rune_parallel, uniq_arachne
Orc:1:    layout_diamond_mine, serial_shops, nicolae_shop_waterfront
Orc:2:    st_orc_elflike, layout_caves, basic_altar
Elf:1:    elf_arrival_002, layout_loops_ring, serial_shops, nicolae_square_shop,
          hangedman_corner_corridor
Elf:2:    elven_hall_of_blades_hangedman_original
          [nicolae_blade_entry_floor_patterns], layout_gridlike, orc_legates,
          uniq_jorgrun
Elf:3:    minmay_elf_hall_not_hex, layout_loops_corners
Vaults:1: mu_enter_wizlab_2, v_misc_26, vaults_standard_mumra_enter_the_diamond,
          ontoclasm_vaults_tryst, ontoclasm_vaults_idyll,
          nicolae_vaults_rhombus_7, v_rooms_6, nicolae_vaults_mini_display_case,
          ontoclasm_vaults_pinch, nicolae_vaults_stairing_the_circle,
          nicolae_vaults_circle_grid_a, nicolae_vaults_circle_grid_b,
          ontoclasm_vaults_misaligned, vaults_room_corners,
          layout_vaults_omnibox, uniq_saint_roka
Vaults:2: vaults_room_ringed_pool, grunt_vaults_hallway_long, v_rooms_2,
          layout_vaults_omnigrid, uniq_jory, uniq_aizul
Vaults:3: dpeg_vaults_waves, nicolae_vaults_shelves_hall, vaults_room_pool,
          nicolae_vaults_network_barrier, nicolae_vaults_alarming,
          ontoclasm_vaults_gateway, ontoclasm_vaults_fault,
          vaults_room_semicircle, vaults_room_pools, v_misc_22,
          nicolae_vaults_little_squares_5, ontoclasm_vaults_ligature,
          vaults_room_hallway, minmay_crypt_entry_skeletal_spiral,
          layout_vaults_big_room, nicolae_trove_entry_columns
Vaults:4: hangedman_vaults_variations, ontoclasm_vaults_chip,
          ontoclasm_vaults_eye, nicolae_vaults_three_branches, v_misc_4,
          vaults_dpeg_diagonal, v_misc_23, v_misc_2, st_squares,
          grunt_vaults_hallway_long, nicolae_vaults_angled_halls,
          vaults_room_pool, nicolae_vaults_diagonal_hallway_8,
          layout_vaults_maze_snakey
Vaults:5: serial_shops
Depths:1: layout_cave_pools, chequers_big_river,
          ploomutoo_gammafunk_ghost_potion_laboratory, hell_entry, serial_shops,
          nicolae_shop_temple_entry_statues_fountains,
          nicolae_figureground_pulse
Depths:2: minmay_the_grid_triangle_9x9_recursive_3
          [minmay_the_grid_triangle_9x9_dagger,
          minmay_the_grid_triangle_9x9_sprig,
          minmay_the_grid_triangle_9x9_odd_lines,
          minmay_the_grid_triangle_9x9_prize_schism,
          minmay_the_grid_triangle_9x9_checkered,
          minmay_the_grid_triangle_9x9_windchime,
          minmay_the_grid_triangle_9x9_flanged_cone,
          minmay_the_grid_triangle_9x9_pentomino_pain,
          minmay_the_grid_triangle_9x9_subtriangle], layout_cave_shapes,
          hangedman_glass_teeth, serial_shops, shop, rand_demon_pan_entry_3,
          pf_hell_entry_tar_spiral
Depths:3: minmay_four_inscribed_fans, layout_cave_shapes, enter_ziggurat_b,
          abyss_entry_crystal, grunt_mini_vestibule, ebering_ghost_xom,
          minmay_misc_feat_encased
Depths:4: lemuel_castle_with_subvaults [lemuel_castle_interior_carwin_3],
          layout_gridlike, nicolae_vehumet_radiance, hell_entry
Zot:1:    layout_gridlike
Zot:2:    kennysheep_ambush_hall, layout_misc_corridors
Zot:3:    layout_twisted_circle
Zot:4:    layout_twisted_circle, st_small_dragon_hoard_5, uniq_josephina
Zot:5:    layout_cathedral_of_symmetry, lemuel_golem_globe

Notes
Turn   | Place    | Note
-------+----------+-------------------------------------------
     0 | D:1      | MackTheKnife the Octopode Wanderer began the quest for the
                  | Orb.
     0 | D:1      | MackTheKnife set off with the following items: a +3 short
                  | sword {short}, a potion of curing {@q1}; and the following
                  | spells available to memorise: Poisonous Vapours, Static
                  | Discharge.
     0 | D:1      | Reached XP level 1. HP: 14/14 MP: 2/2
     0 | D:1      | magus.rc [v1.9.6]
   281 | D:1      | You pick up a book of Misfortune and begin reading...
   281 | D:1      | You add the spells Yara's Violent Unravelling and Enfeeble
                  | to your library.
   350 | D:1      | Found a faded altar of an unknown god.
   420 | D:1      | Reached XP level 2. HP: 19/19 MP: 4/4
   457 | D:1      | Learned a level 2 spell: Poisonous Vapours
  1199 | D:2      | Found the +5 robe of Misfortune {Harm *Corrode *Slow EV+5}
  1215 | D:2      | Reached XP level 3. HP: 24/24 MP: 0/5
  1283 | D:2      | Learned a level 2 spell: Static Discharge
  1345 | D:2      | Reached skill level 2 in Spellcasting
  1743 | D:2      | Reached skill level 1 in Conjurations
  1767 | D:2      | Found an iron altar of Okawaru.
  1772 | D:2      | Reached XP level 4. HP: 27/29 MP: 7/7
  2294 | D:2      | Reached skill level 4 in Air Magic
  3640 | D:4      | Noticed a phantom
  3669 | D:4      | Killed a phantom
  3670 | D:4      | Reached skill level 3 in Spellcasting
  3670 | D:4      | Reached skill level 2 in Conjurations
  3670 | D:4      | Reached XP level 5. HP: 23/34 MP: 1/9
  3871 | D:4      | Found a staircase to the Ecumenical Temple.
  3880 | Temple   | Entered the Ecumenical Temple
  4139 | Temple   | Became a worshipper of Ashenzari the Shackled
  4540 | D:4      | Reached skill level 3 in Conjurations
  4543 | D:4      | Reached XP level 6. HP: 39/39 MP: 11/11
  4737 | D:4      | You pick up a book of Transfigurations {@e2} and begin
                  | reading...
  4737 | D:4      | You add the spells Irradiate, Blade Hands and Dragon Form
                  | to your library.
  4744 | D:4      | Learned a level 5 spell: Irradiate
  4819 | D:4      | Identified the +0 leather armour "Unwuadie" {rCorr}
  5106 | D:5      | Entered Level 5 of the Dungeon
  5117 | D:5      | Reached skill level 1 in Transmutations
  5118 | D:5      | Reached skill level 4 in Conjurations
  5209 | D:5      | Reached XP level 7. HP: 43/45 MP: 2/12
  5317 | D:5      | Reached skill level 2 in Transmutations
  5392 | D:5      | You pick up a book of Debilitation and begin reading...
  5392 | D:5      | You add the spells Slow, Vampiric Draining and Confusing
                  | Touch to your library.
  5536 | D:5      | Found a shimmering altar of Xom.
  5570 | D:5      | Noticed Edmund
  5583 | D:5      | Killed Edmund
  5584 | D:5      | Reached skill level 5 in Conjurations
  5584 | D:5      | Reached skill level 3 in Transmutations
  5780 | D:5      | Found a runed translucent door.
  5785 | D:5      | Noticed mandick's ghost (amateur OpVM)
  5849 | D:5      | Found Yrhyoque's Weapon Boutique.
  5864 | D:5      | Reached XP level 8. HP: 47/50 MP: 8/13
  5941 | D:5      | Reached skill level 4 in Transmutations
  5988 | D:5      | Reached skill level 6 in Conjurations
  6113 | D:5      | Found a runed translucent door.
  6183 | D:6      | Noticed Pikel
  6199 | D:5      | Killed Pikel
  6200 | D:5      | Reached skill level 7 in Conjurations
  6200 | D:5      | Reached skill level 6 in Transmutations
  6293 | D:6      | Identified the +1 leather armour of Death Resistance {rPois
                  | rCorr MP-9}
  6481 | D:6      | Reached XP level 9. HP: 54/54 MP: 14/14
  7171 | D:6      | Reached skill level 8 in Conjurations
  7171 | D:6      | Reached skill level 7 in Transmutations
  7182 | D:6      | Noticed Blork the orc
  7195 | D:6      | Killed Blork the orc
  7975 | D:7      | HP: 12/54 [/static electricity (2)]
  8284 | D:7      | Reached skill level 8 in Transmutations
  8393 | D:7      | Reached skill level 9 in Conjurations
  8842 | D:7      | Reached * piety under Ashenzari
  9365 | D:8      | Reached skill level 9 in Transmutations
  9365 | D:8      | Reached XP level 10. HP: 57/60 MP: 3/15
  9712 | D:8      | Reached skill level 10 in Conjurations
  9937 | D:8      | Identified the Anthology of Crystalline Hexes
  9945 | D:8      | You add the spells Portal Projectile, Inner Flame and
                  | Statue Form to your library.
 10144 | D:9      | You pick up a book of Alchemy and begin reading...
 10144 | D:9      | You add the spells Sublimation of Blood and Petrify to your
                  | library.
 10370 | D:9      | Noticed Prince Ribbit
 10380 | D:9      | Noticed Maurice
 10380 | D:9      | Noticed Erica
 10557 | D:9      | You add the spells Tukima's Dance and Passage of Golubria
                  | to your library.
 10654 | D:9      | Killed Maurice
 10655 | D:9      | Reached skill level 10 in Transmutations
 10729 | D:9      | Found Haajiu's Distillery.
 10737 | D:9      | Bought 2 potions of heal wounds for 150 gold pieces
 10737 | D:9      | Bought a potion of heal wounds for 75 gold pieces
 10764 | D:9      | Reached skill level 4 in Spellcasting
 11051 | D:9      | Reached skill level 5 in Spellcasting
 11198 | D:9      | You pick up a book of Hexes and begin reading...
 11198 | D:9      | You add the spells Cause Fear and Discord to your library.
 11345 | D:9      | Found a runed translucent gate.
 11346 | D:9      | Found a runed translucent gate.
 11347 | D:9      | Found a runed translucent gate.
 11348 | D:9      | Noticed MCDelver's ghost (journeyman OpFE)
 11354 | D:9      | Noticed a two-headed ogre
 11360 | D:9      | Identified the +2 leather armour of Hepliaklqana's Hatred
                  | {rElec}
 11367 | D:9      | Killed Erica
 11368 | D:9      | Reached skill level 6 in Spellcasting
 11368 | D:9      | Reached XP level 11. HP: 43/64 MP: 8/21
 11940 | D:9      | Found a faded altar of an unknown god.
 11940 | D:9      | Found a snail-covered altar of Cheibriados.
 11958 | D:9      | Found an opulent altar of Gozag.
 11960 | D:9      | Found a faded altar of an unknown god.
 11962 | D:9      | Found a burning altar of Makhleb.
 12007 | D:10     | Entered Level 10 of the Dungeon
 12056 | D:10     | Reached skill level 7 in Spellcasting
 12160 | D:10     | Found a staircase to the Lair.
 12444 | D:10     | Found a staircase to the Orcish Mines.
 12473 | D:10     | Reached skill level 8 in Spellcasting
 12728 | D:10     | You pick up a book of the Hunter and begin reading...
 12728 | D:10     | You add the spells Call Canine Familiar and Leda's
                  | Liquefaction to your library.
 12730 | D:10     | Reached ** piety under Ashenzari
 12953 | D:10     | Reached skill level 2 in Evocations
 13049 | D:10     | Noticed a two-headed ogre
 13049 | D:10     | Noticed a tengu warrior
 13051 | D:10     | Noticed a moth of wrath
 13055 | D:10     | Found a transporter.
 13057 | D:10     | Found a transporter.
 13058 | D:10     | Found a bloodstained altar of Trog.
 13082 | D:10     | Noticed GrimJard's ghost (journeyman DrCj)
 13428 | Lair:1   | Entered Level 1 of the Lair of Beasts
 13461 | Lair:1   | Reached skill level 3 in Evocations
 13586 | Lair:1   | Reached skill level 4 in Evocations
 13712 | Lair:1   | You pick up a book of the Warp and begin reading...
 13712 | Lair:1   | You add the spells Manifold Assault, Dispersal and
                  | Disjunction to your library.
 13719 | Lair:1   | Identified the +6 trident of Ykkith {flame, Drain Str+2
                  | Int+3 Dex+3}
 13721 | Lair:1   | Found a runed translucent door.
 13723 | Lair:1   | Noticed Buces's ghost (novice DsTm)
 13736 | Lair:1   | Noticed a spriggan rider
 14033 | Lair:1   | Reached *** piety under Ashenzari
 14229 | Lair:1   | Learned a level 3 spell: Call Canine Familiar
 14270 | Lair:2   | Noticed a skyshark
 14273 | Lair:2   | Killed a skyshark
 14274 | Lair:2   | Reached skill level 1 in Summonings
 14274 | Lair:2   | Reached skill level 5 in Evocations
 14572 | Lair:2   | Reached skill level 2 in Summonings
 14572 | Lair:2   | Reached skill level 6 in Evocations
 14677 | Lair:2   | Reached skill level 3 in Summonings
 14677 | Lair:2   | Reached skill level 7 in Evocations
 14677 | Lair:2   | Reached XP level 12. HP: 52/70 MP: 13/24
 14950 | Lair:2   | Reached skill level 4 in Summonings
 14950 | Lair:2   | Reached skill level 8 in Evocations
 15049 | Lair:2   | Reached **** piety under Ashenzari
 15183 | Lair:2   | Noticed an eight-headed hydra
 15187 | Lair:2   | Killed an eight-headed hydra
 15188 | Lair:2   | Reached skill level 9 in Evocations
 15342 | Lair:2   | Found a hole to the Spider Nest.
 15527 | Lair:2   | Reached skill level 9 in Spellcasting
 16027 | Lair:3   | Noticed a six-headed hydra
 16041 | Lair:3   | Killed a six-headed hydra
 16042 | Lair:3   | Reached skill level 10 in Spellcasting
 16128 | Lair:3   | Reached skill level 1 in Dodging
 16174 | Lair:3   | Reached skill level 3 in Fighting
 16174 | Lair:3   | Reached skill level 2 in Dodging
 16235 | Lair:3   | Noticed a four-headed hydra
 16245 | Lair:3   | Killed a four-headed hydra
 16246 | Lair:3   | Reached skill level 3 in Dodging
 16250 | Lair:3   | Noticed Gastronok
 16264 | Lair:3   | HP: 3/74 [Gastronok (23)]
 16268 | Lair:3   | Killed Gastronok
 16269 | Lair:3   | Reached skill level 4 in Fighting
 16444 | Lair:3   | Reached skill level 4 in Dodging
 16444 | Lair:3   | Reached XP level 13. HP: 59/81 MP: 19/27
 16741 | Lair:3   | Reached skill level 5 in Fighting
 16743 | Lair:3   | Reached skill level 5 in Dodging
 16837 | Lair:3   | Noticed Sonja
 16841 | Lair:3   | Killed Sonja
 16846 | Lair:3   | Reached skill level 6 in Fighting
 16861 | Lair:3   | Gained mutation: You sometimes lose your temper in combat.
                  | [mutagenic glow]
 16928 | Lair:3   | Lost mutation: You sometimes lose your temper in combat.
                  | [potion of mutation]
 16928 | Lair:3   | Gained mutation: You are partially covered in iridescent
                  | scales. (AC +2) [potion of mutation]
 16928 | Lair:3   | Gained mutation: You occasionally shout uncontrollably at
                  | your foes. [potion of mutation]
 16928 | Lair:3   | Gained mutation: You frequently scream uncontrollably at
                  | your foes. [potion of mutation]
 16928 | Lair:3   | Gained mutation: You possess an exceptional clarity of
                  | mind. [potion of mutation]
 16991 | Lair:3   | Found a staircase to the Swamp.
 17431 | Lair:4   | Found a gate leading to a gauntlet.
 17444 | Lair:4   | Reached skill level 6 in Dodging
 17449 | Gauntlet | Entered a Gauntlet
 17449 | Gauntlet | Found a transporter.
 17554 | Gauntlet | Found a transporter.
 17554 | Gauntlet | Found a transporter.
 17555 | Gauntlet | Found a transporter.
 17563 | Gauntlet | Found a transporter.
 17566 | Gauntlet | Found a transporter.
 17567 | Gauntlet | Found a transporter.
 17575 | Gauntlet | Found a transporter.
 17578 | Gauntlet | Found a transporter.
 17579 | Gauntlet | Found a transporter.
 17588 | Gauntlet | Found a transporter.
 17588 | Gauntlet | Identified the ring of Jaxzon {rPois Will+}
 17590 | Gauntlet | Found a transporter.
 17591 | Gauntlet | Found a transporter.
 17659 | Gauntlet | You pick up a book of Rime and begin reading...
 17659 | Gauntlet | You add the spells Frozen Ramparts, Ice Form and Summon Ice
                  | Beast to your library.
 17865 | Gauntlet | Reached skill level 7 in Fighting
 17990 | Gauntlet | Found a transporter.
 18021 | Gauntlet | Identified the +1 plate armour of Devotion {Harm rElec rC+}
 18021 | Gauntlet | Noticed a minotaur
 18033 | Gauntlet | HP: 17/90 [minotaur/silver javelin (31)]
 18034 | Gauntlet | Killed a minotaur
 18052 | Gauntlet | You pick up a book of Transfigurations {@e2} and begin
                  | reading...
 18058 | Gauntlet | quicksilver dragon scales {rare}; a +0 morningstar of
                  | protection {mace}; a dwarf skeleton
 18273 | Lair:4   | Identified the +1 leather armour "Toeluste" {Drain rElec
                  | rN+ Str+3}
 18623 | Lair:4   | You pick up a book of Beasts and begin reading...
 18623 | Lair:4   | You add the spells Summon Mana Viper and Monstrous
                  | Menagerie to your library.
 18630 | Lair:4   | Learned a level 5 spell: Summon Mana Viper
 18688 | Lair:4   | Reached ***** piety under Ashenzari
 18750 | Lair:4   | Reached skill level 1 in Hexes
 19062 | Lair:4   | Identified the +0 robe of the Dice {Int+3}
 19353 | Lair:5   | Entered Level 5 of the Lair of Beasts
 19365 | Lair:5   | Reached skill level 2 in Hexes
 19369 | Lair:4   | Reached skill level 5 in Summonings
 19547 | Lair:5   | Reached skill level 3 in Hexes
 19829 | Lair:5   | Reached skill level 6 in Summonings
 19998 | Lair:5   | Reached skill level 4 in Hexes
 20049 | Lair:5   | Reached XP level 14. HP: 52/97 MP: 3/31
 20364 | Lair:5   | Reached skill level 7 in Dodging
 20435 | Lair:5   | Reached skill level 8 in Fighting
 21095 | Lair:5   | Reached skill level 11 in Spellcasting
 21330 | Lair:5   | Found a viscous altar of Jiyva.
 22319 | Orc:1    | Entered Level 1 of the Orcish Mines
 22566 | Orc:2    | Entered Level 2 of the Orcish Mines
 23161 | Orc:2    | Reached skill level 12 in Spellcasting
 23238 | Orc:2    | Found a staircase to the Elven Halls.
 23608 | Orc:1    | Found Qeta's Distillery.
 23794 | Orc:2    | Found Vuduoco's Jewellery Emporium.
 24183 | Orc:2    | Found Kiti Bij's Magic Scroll Emporium.
 24184 | Orc:2    | Found Ylo Qozeipa's Assorted Antiques.
 24189 | Orc:2    | Reached skill level 13 in Spellcasting
 24192 | Orc:2    | Found Qingov's General Store.
 24241 | Orc:2    | Bought the ring "Jiuqagag" {Drain rPois rN++ EV+5} for 781
                  | gold pieces
 24265 | Orc:2    | Bought a bloodstained trident for 272 gold pieces
 24265 | Orc:2    | Identified the +6 trident of Stickiness {venom, rF- Str+7}
                  | (You bought it in a shop on level 2 of the Orcish Mines)
 24268 | Orc:2    | Bought a ring of protection from fire for 375 gold pieces
 24414 | D:10     | Learned a level 6 spell: Statue Form
 24442 | D:11     | Reached skill level 1 in Earth Magic
 24448 | D:11     | Reached skill level 2 in Earth Magic
 24451 | D:11     | Reached XP level 15. HP: 78/105 MP: 11/34
 24467 | D:11     | Reached skill level 3 in Earth Magic
 24471 | D:11     | Lost mutation: You are partially covered in iridescent
                  | scales. (AC +2) [mutagenic glow]
 24711 | D:11     | Reached skill level 4 in Earth Magic
 24933 | D:11     | You pick up a book of the Senses and begin reading...
 24933 | D:11     | You add the spells Dazzling Flash, Agony and Silence to
                  | your library.
 25093 | D:11     | You pick up a book of Blood and begin reading...
 25093 | D:11     | You add the spells Wereblood and Summon Hydra to your
                  | library.
 25221 | D:12     | You pick up a book of Callings and begin reading...
 25221 | D:12     | You add the spells Summon Small Mammal and Summon Guardian
                  | Golem to your library.
 25227 | D:12     | Noticed Psyche
 25229 | D:12     | Identified the +0 robe of the Immovable Allies {+Blink rC+
                  | SInv}
 25233 | D:12     | Killed Psyche
 25282 | D:12     | Reached skill level 5 in Earth Magic
 25707 | D:12     | Found a runed translucent gate.
 25707 | D:12     | Found a runed translucent gate.
 25707 | D:12     | Found a runed translucent gate.
 25707 | D:12     | Identified the ring of Terra Nullius {rF+ rN++ Will+ Int+2
                  | Stlth-}
 25708 | D:12     | Noticed Xqipyl's ghost (journeyman GrFE)
 26014 | D:12     | Killed Xqipyl's ghost
 26045 | D:12     | Reached ****** piety under Ashenzari
 26098 | D:13     | Reached skill level 1 in Unarmed Combat
 26288 | D:13     | Reached skill level 2 in Unarmed Combat
 26653 | D:13     | Reached skill level 3 in Unarmed Combat
 27221 | D:13     | Reached skill level 4 in Unarmed Combat
 27631 | D:14     | Found an opulent altar of Gozag.
 27649 | D:14     | Found an opulent altar of Gozag.
 27649 | D:14     | Found an opulent altar of Gozag.
 27656 | D:14     | Found an opulent altar of Gozag.
 27676 | D:14     | Reached skill level 5 in Unarmed Combat
 27991 | D:14     | Gained mutation: You are dopey. (Int -2) [mutagenic glow]
 28094 | D:14     | Lost mutation: You frequently scream uncontrollably at your
                  | foes. [potion of mutation]
 28094 | D:14     | Lost mutation: You occasionally shout uncontrollably at
                  | your foes. [potion of mutation]
 28094 | D:14     | Lost mutation: You possess an exceptional clarity of mind.
                  | [potion of mutation]
 28094 | D:14     | Gained mutation: Your magical capacity is low. (-10% MP)
                  | [potion of mutation]
 28094 | D:14     | Gained mutation: You are agile. (Dex +4, Str/Int -1)
                  | [potion of mutation]
 28095 | D:14     | Lost mutation: Your magical capacity is low. (-10% MP)
                  | [potion of mutation]
 28095 | D:14     | Lost mutation: You are dopey. (Int -2) [potion of mutation]
 28095 | D:14     | Lost mutation: You are agile. (Dex +4, Str/Int -1) [potion
                  | of mutation]
 28095 | D:14     | Gained mutation: Your body sometimes deteriorates upon
                  | taking damage. [potion of mutation]
 28149 | D:14     | You pick up a book of Burglary and begin reading...
 28149 | D:14     | You add the spells Passwall, Ensorcelled Hibernation and
                  | Swiftness to your library.
 28190 | D:14     | Reached skill level 6 in Unarmed Combat
 28204 | D:14     | Found a gate to the Vaults.
 28205 | D:14     | Reached skill level 7 in Unarmed Combat
 28628 | D:14     | Found a transporter.
 28666 | D:14     | Found a transporter.
 28772 | D:15     | Entered Level 15 of the Dungeon
 28779 | D:15     | Found a runed translucent door.
 28923 | D:15     | Reached skill level 8 in Unarmed Combat
 28999 | D:15     | Found a staircase to the Depths.
 28999 | D:15     | Noticed a frost giant
 29011 | D:15     | Killed a frost giant
 29407 | D:15     | Reached skill level 9 in Unarmed Combat
 29793 | D:15     | Reached XP level 16. HP: 114/114 MP: 19/36
 29872 | D:15     | Reached skill level 10 in Unarmed Combat
 30029 | D:15     | Found a shimmering blue altar of Sif Muna.
 30110 | D:15     | Learned a level 5 spell: Yara's Violent Unravelling
 30563 | D:15     | Identified the Secrets of Conjuration and Obstruction
 30834 | Swamp:1  | Entered Level 1 of the Swamp
 31052 | Swamp:1  | Reached skill level 6 in Earth Magic
 31386 | Swamp:1  | Reached skill level 7 in Earth Magic
 31580 | Swamp:1  | Reached skill level 8 in Earth Magic
 31590 | Swamp:1  | Noticed a fenstrider witch
 31595 | Swamp:1  | Killed a fenstrider witch
 31777 | Swamp:2  | Reached skill level 9 in Earth Magic
 31968 | Swamp:2  | Noticed Donald
 31976 | Swamp:2  | Killed Donald
 32399 | Swamp:2  | Reached skill level 8 in Dodging
 32399 | Swamp:2  | Reached skill level 11 in Unarmed Combat
 32440 | Swamp:2  | You pick up a book of Maledictions and begin reading...
 32442 | Swamp:2  | magus.rc [v1.9.6]
 32558 | Swamp:3  | Noticed Kirke
 32558 | Swamp:3  | Noticed Bai Suzhen
 32713 | Swamp:1  | Reached skill level 9 in Fighting
 33199 | Swamp:3  | Killed Kirke
 33211 | Swamp:2  | magus.rc [v1.9.6]
 33211 | Swamp:2  | magus.rc [v1.9.6]
 33215 | Swamp:3  | magus.rc [v1.9.6]
 33239 | Swamp:3  | Killed Bai Suzhen
 33242 | Swamp:3  | HP: 34/150 [something (4)]
 33251 | Swamp:3  | HP: 23/150 [alligator (12)]
 33624 | Swamp:3  | Reached XP level 17. HP: 122/122 MP: 35/37
 33627 | Swamp:3  | Reached skill level 9 in Dodging
 33946 | Swamp:3  | Noticed Nikola
 33956 | Swamp:3  | Killed Nikola
 33966 | Swamp:3  | Reached skill level 10 in Fighting
 34392 | Swamp:4  | Entered Level 4 of the Swamp
 34594 | Swamp:4  | Reached skill level 12 in Unarmed Combat
 34905 | Swamp:4  | Reached skill level 10 in Dodging
 35100 | Swamp:4  | Reached skill level 11 in Fighting
 35325 | Swamp:4  | Got a decaying rune of Zot
 35735 | Swamp:4  | Reached skill level 13 in Unarmed Combat
 36087 | Spider:1 | Entered Level 1 of the Spider Nest
 36110 | Spider:1 | Learned a level 7 spell: Monstrous Menagerie
 36152 | Spider:1 | Reached skill level 7 in Summonings
 36298 | Spider:1 | You pick up a book of Transfigurations {@e2} and begin
                  | reading...
 36745 | Spider:1 | Reached skill level 8 in Summonings
 37400 | Spider:1 | Reached XP level 18. HP: 132/132 MP: 35/38
 37525 | Spider:1 | magus.rc [v1.9.6]
 37554 | Spider:2 | Reached skill level 9 in Summonings
 37930 | Spider:2 | Reached skill level 10 in Summonings
 38184 | Spider:2 | Reached skill level 11 in Dodging
 38447 | Spider:2 | You pick up a book of Conjurations {@e2} and begin
                  | reading...
 38447 | Spider:2 | You add the spells Magic Dart, Searing Ray and Fulminant
                  | Prism to your library.
 39468 | Spider:3 | You pick up a book of Sloth and begin reading...
 40062 | Spider:4 | Entered Level 4 of the Spider Nest
 40069 | Spider:4 | Reached skill level 12 in Dodging
 40089 | Spider:4 | You pick up a book of the Tundra and begin reading...
 40089 | Spider:4 | You add the spells Hailstorm and Simulacrum to your
                  | library.
 40490 | Spider:4 | Reached skill level 12 in Fighting
 40495 | Spider:4 | Noticed Arachne
 40504 | Spider:4 | Killed Arachne
 40580 | Spider:4 | Learned a level 7 spell: Enfeeble
 40612 | Spider:4 | Reached skill level 5 in Hexes
 40702 | Spider:4 | Reached skill level 6 in Hexes
 40702 | Spider:4 | Reached XP level 19. HP: 137/137 MP: 10/38
 40715 | Spider:4 | Reached skill level 7 in Hexes
 41450 | Spider:4 | Got a gossamer rune of Zot
 41806 | Vaults:1 | Entered Level 1 of the Vaults
 41827 | Vaults:1 | Reached skill level 8 in Hexes
 41878 | Vaults:1 | Noticed Saint Roka
 41894 | Vaults:1 | Killed Saint Roka
 41895 | Vaults:1 | Reached skill level 9 in Hexes
 41905 | Vaults:1 | Found a magical portal.
 41974 | WizLab   | Entered Doroklohe's Tomb
 42209 | WizLab   | Noticed a Brimstone Fiend
 42214 | WizLab   | Killed a Brimstone Fiend
 42322 | WizLab   | Reached skill level 10 in Hexes
 42426 | WizLab   | You pick up a book of Burglary and begin reading...
 42688 | Vaults:1 | You pick up a book of Sloth and begin reading...
 43101 | Vaults:1 | Reached skill level 11 in Summonings
 43398 | Vaults:1 | Identified a scroll of acquirement
 43689 | Vaults:1 | Reached skill level 12 in Summonings
 44156 | Vaults:2 | Noticed Aizul
 44165 | Vaults:2 | Killed Aizul
 44224 | Vaults:2 | Noticed Jory
 44239 | Vaults:2 | Killed Jory
 44356 | Vaults:2 | Reached skill level 13 in Summonings
 44400 | Vaults:2 | You pick up a book of Weapons and begin reading...
 44673 | Vaults:2 | Reached XP level 20. HP: 136/146 MP: 41/41
 44915 | Vaults:2 | magus.rc [v1.9.6]
 45355 | Vaults:3 | Reached skill level 14 in Unarmed Combat
 45493 | Vaults:3 | Reached skill level 13 in Dodging
 45497 | Vaults:3 | Identified the +1 leather armour of the Sun {Int+8 Stlth-}
 45497 | Vaults:3 | Identified the +0 plate armour "Ytzug" {Fly rN+ Will+
                  | Str+3}
 45911 | Vaults:3 | Found a portal to a secret trove of treasure.
 45917 | Vaults:3 | This trove needs a +6 demon blade to function. Give it the
                  | item?
 46379 | Vaults:3 | You add the spells Summon Forest and Eringya's Noxious Bog
                  | to your library.
 46396 | Vaults:3 | Reached skill level 13 in Fighting
 46708 | Vaults:3 | Found a staircase to the Crypt.
 47546 | Vaults:4 | Reached skill level 15 in Unarmed Combat
 47551 | Vaults:4 | Reached skill level 14 in Dodging
 47943 | Vaults:4 | Reached XP level 21. HP: 156/156 MP: 36/42
 48054 | Vaults:4 | Reached skill level 14 in Fighting
 48714 | Elf:1    | Entered Level 1 of the Elven Halls
 48979 | Elf:1    | Identified the +6 falchion of Sharp Courage {venom, rC+}
 49362 | Elf:1    | Paralysed by an air elemental for 1 turns
 49401 | Elf:1    | Reached skill level 16 in Unarmed Combat
 49515 | Elf:1    | Found Repopn's Book Shop.
 49521 | Elf:1    | Bought a book of Changes for 216 gold pieces
 49521 | Elf:1    | You pick up a book of Changes and begin reading...
 49521 | Elf:1    | You add the spells Beastly Appendage and Spider Form to
                  | your library.
 49524 | Elf:1    | Learned a level 2 spell: Wereblood
 49645 | Elf:2    | Paralysed by an air elemental for 1 turns
 49759 | Elf:2    | Identified the +6 rapier of Unreason {speed, rCorr}
 49872 | Elf:2    | Acquired MackTheKnife's Elucidation of the Mortuary and the
                  | Torch
 49873 | Elf:2    | You add the spells Fireball, Haunt and Necromutation to
                  | your library.
 49882 | Elf:2    | Learned a level 7 spell: Haunt
 49892 | Elf:2    | Reached skill level 3 in Necromancy
 50033 | Elf:2    | Found a runed translucent gate.
 50033 | Elf:2    | Found a runed translucent gate.
 50033 | Elf:2    | Found a runed translucent gate.
 50033 | Elf:2    | Found a runed translucent gate.
 50033 | Elf:2    | Found a runed translucent gate.
 50034 | Elf:2    | You pick up a book of the Dragon and begin reading...
 50035 | Elf:2    | Found a runed translucent gate.
 50048 | Elf:2    | You pick up a book of Necromancy and begin reading...
 50086 | Elf:2    | Reached skill level 4 in Necromancy
 50105 | Elf:2    | Found a runed translucent gate.
 50105 | Elf:2    | Found a runed translucent gate.
 50105 | Elf:2    | Found a runed translucent gate.
 50395 | Elf:3    | Entered Level 3 of the Elven Halls
 50574 | Elf:3    | Reached skill level 5 in Necromancy
 50662 | Elf:3    | Reached skill level 6 in Necromancy
 50760 | Elf:3    | Reached skill level 7 in Necromancy
 50822 | Elf:3    | Paralysed by an air elemental for 1 turns
 50961 | Elf:3    | Reached skill level 8 in Necromancy
 51345 | Elf:3    | You pick up a book of the Spheres and begin reading...
 51345 | Elf:3    | You add the spells Iskenderun's Battlesphere, Conjure Ball
                  | Lightning and Orb of Destruction to your library.
 51352 | Elf:3    | Reached skill level 9 in Necromancy
 51372 | Elf:3    | Reached XP level 22. HP: 124/165 MP: 28/43
 51635 | Elf:3    | Reached skill level 10 in Necromancy
 51639 | Elf:3    | Identified a +2 robe of the Archmagi
 51928 | Elf:3    | Reached skill level 11 in Necromancy
 52124 | Elf:3    | Identified the ring "Pyckyt" {rCorr MP+9 Dex+2}
 52129 | Elf:3    | Reached skill level 15 in Fighting
 52252 | Elf:3    | Identified the +9 shortbow of Compound Interest {freeze,
                  | rN+ Will+}
 52253 | Elf:3    | Identified the +11 shortbow "Ekamyz" {flame, rElec Will+
                  | Str+2 Dex+2}
 52436 | Elf:3    | You pick up a book of Debilitation and begin reading...
 52455 | Elf:3    | You add the spells Alistair's Intoxication and Borgnjor's
                  | Vile Clutch to your library.
 52459 | Elf:3    | Identified the +0 dagger "Guukhlaig" {freeze, rPois rC++}
 52467 | Elf:3    | You add the spells Vhi's Electric Charge, Arcjolt and
                  | Maxwell's Capacitive Coupling to your library.
 52473 | Elf:3    | You pick up a book of Storms and begin reading...
 52473 | Elf:3    | You add the spells Airstrike, Summon Lightning Spire and
                  | Lightning Bolt to your library.
 52477 | Elf:3    | You add the spells Blink and Storm Form to your library.
 52869 | Depths:1 | Entered Level 1 of the Depths
 53013 | Depths:1 | Found a runed translucent gate.
 53013 | Depths:1 | Found a runed translucent gate.
 53013 | Depths:1 | Found a runed translucent gate.
 53174 | Depths:1 | Reached skill level 14 in Summonings
 53286 | Depths:1 | Found Vesuej's Armour Emporium.
 53308 | Depths:1 | Found a gateway to Hell.
 53542 | Depths:1 | Reached skill level 12 in Necromancy
 53701 | Depths:1 | Found a runed translucent gate.
 53701 | Depths:1 | Found a runed translucent gate.
 53703 | Depths:1 | Noticed Sesmit's ghost (veteran DjCj)
 53709 | Depths:1 | Found a runed translucent gate.
 53709 | Depths:1 | Identified the +1 cloak "Gipludabb" {Rampage +Inv}
 53819 | Depths:2 | Learned a level 5 spell: Borgnjor's Vile Clutch
 53827 | Depths:2 | Learned a level 7 spell: Storm Form
 54163 | Depths:2 | Reached skill level 5 in Air Magic
 54166 | Depths:2 | Identified the +9 morningstar "Vuefa" {holy, rCorr}
 54242 | Depths:2 | Reached skill level 6 in Air Magic
 54386 | Depths:2 | Reached skill level 7 in Air Magic
 54517 | Depths:2 | Reached skill level 8 in Air Magic
 54626 | Depths:2 | Found a runed translucent door.
 54632 | Depths:2 | Reached XP level 23. HP: 174/174 MP: 45/45
 54654 | Depths:2 | Reached skill level 9 in Air Magic
 54905 | Depths:2 | Found Guwiuqop's Jewellery Boutique.
 55095 | Depths:2 | Reached skill level 10 in Air Magic
 55104 | Depths:2 | Bought the ring of Doentauxzi {Fly Int+7 SInv} for 564 gold
                  | pieces
 55104 | Depths:2 | Bought the ring of Unenubb {rF+ rC+ Dex+3} for 588 gold
                  | pieces
 55226 | Depths:2 | Found a one-way gate leading to the halls of Pandemonium.
 55931 | Depths:3 | Reached skill level 11 in Transmutations
 56426 | Depths:3 | F - a +0 quick blade of freezing {shortrare=g}
 56430 | Depths:3 | Noticed a caustic shrike
 56431 | Depths:3 | Noticed a caustic shrike
 56433 | Depths:3 | Noticed a caustic shrike
 56613 | Depths:2 | magus.rc [v1.9.6]
 56696 | Depths:3 | Noticed a caustic shrike
 56787 | Depths:3 | Reached skill level 11 in Air Magic
 56896 | Depths:3 | Noticed a golden dragon
 56915 | Depths:3 | Noticed a golden dragon
 56916 | Depths:3 | Killed a golden dragon
 56916 | Depths:3 | Identified +0 gold dragon scales
 56928 | Depths:3 | Killed a golden dragon
 56953 | Depths:3 | Noticed a juggernaut
 57302 | Depths:3 | Noticed a juggernaut
 57322 | Depths:2 | Killed a juggernaut
 57323 | Depths:2 | Reached skill level 12 in Transmutations
 57553 | Depths:2 | Killed a juggernaut
 57790 | Depths:3 | +0 gold dragon scales {rare}; a +2 battleaxe of freezing
                  | {axe}
 57814 | Depths:3 | Noticed a golden dragon
 57819 | Depths:3 | Killed a golden dragon
 57825 | Depths:3 | You pick up a book of Changes and begin reading...
 57916 | Depths:3 | You add the spells Malign Gateway and Summon Horrible
                  | Things to your library.
 58046 | Depths:3 | You drop a +0 quick blade of freezing {shortrare=g}.
 58068 | Depths:3 | Noticed a caustic shrike
 58092 | Depths:3 | Killed a caustic shrike
 58094 | Depths:3 | Killed a caustic shrike
 58095 | Depths:3 | Killed a caustic shrike
 58110 | Depths:3 | Gained mutation: You occasionally shout uncontrollably at
                  | your foes. [mutagenic glow]
 58126 | Depths:3 | Gained mutation: You are dopey. (Int -2) [mutagenic glow]
 58437 | Depths:3 | Identified the cursed +0 hat "Idealism of Ashenzari"
                  | {Int+3, Melee, Evo} (You found it in a Gauntlet)
 58778 | Vaults:3 | This trove needs a +6 demon blade to function. Give it the
                  | item?
 58778 | Vaults:3 | You paid a toll of a +6 demon blade to enter a treasure
                  | trove
 58779 | Trove    | Entered a treasure trove
 58779 | Trove    | Identified the ring of Qiuva {rElec Will+ Str+3 Dex-3}
 58779 | Trove    | Identified the +2 buckler of Fuadgheen {Str+3}
 58806 | Trove    | You pick up a book of Ice and begin reading...
 58806 | Trove    | You add the spells Freezing Cloud and Polar Vortex to your
                  | library.
 58813 | Trove    | Identified the +1 hat "Xoenehot" {Int+3}
 59006 | Vaults:5 | Entered Level 5 of the Vaults
 59013 | Vaults:5 | Reached XP level 24. HP: 181/181 MP: 44/44
 59025 | Vaults:4 | Reached skill level 15 in Dodging
 59196 | Vaults:5 | Reached skill level 16 in Fighting
 59210 | Vaults:5 | Reached skill level 17 in Unarmed Combat
 59651 | Vaults:5 | Identified the +5 scimitar "Jowkao Datz" {drain, rElec rC+
                  | rN+ Will+}
 59706 | Vaults:5 | Noticed a dread lich
 59719 | Vaults:5 | Killed a dread lich
 59759 | Vaults:5 | Identified the +1 steam dragon scales of Indecent Exposure
                  | {Rampage}
 59766 | Vaults:5 | Identified the +7 battleaxe of Uskayaw's Delight {flame,
                  | +Blink Stlth+}
 59778 | Vaults:5 | Identified +0 gold dragon scales
 59780 | Vaults:5 | +0 gold dragon scales {rare}; a golden dragon corpse
 59793 | Vaults:5 | Identified the +0 plate armour of Useunn {rElec rF+++ rCorr
                  | Str-4}
 59793 | Vaults:5 | Identified the +4 short sword of the Hurling Bear {heavy,
                  | rElec Str-4 Int-3 SInv}
 60013 | Vaults:5 | You pick up a book of Storms and begin reading...
 60017 | Vaults:5 | You pick up a book of Dreams and begin reading...
 60021 | Vaults:5 | You pick up a book of Minor Magic and begin reading...
 60021 | Vaults:5 | You add the spells Call Imp and Mephitic Cloud to your
                  | library.
 60112 | Vaults:5 | Found Usoink's Magic Scroll Shoppe.
 60159 | Vaults:5 | Bought a scroll of teleportation for 57 gold pieces
 60222 | Vaults:5 | Identified the +8 morningstar of Itoryom {heavy, Int+4}
 60222 | Vaults:5 | Identified the ring of Kiskiz {rN+ AC+4 Str+2 Slay+4}
 60222 | Vaults:5 | Identified the ring of Qagoiss {Fly rF+ rN+ Will+ Slay-5}
 60262 | Vaults:5 | Got a silver rune of Zot
 60317 | Vaults:5 | Reached skill level 16 in Dodging
 60515 | Vaults:5 | Found Jucoh's Distillery.
 60520 | Vaults:5 | Identified the +10 glaive of the Wizarding Spider {speed,
                  | Fly Int+3}
 60609 | Vaults:5 | Bought a potion of mutation for 104 gold pieces
 60609 | Vaults:5 | Bought a potion of mutation for 104 gold pieces
 60609 | Vaults:5 | Bought a potion of haste for 130 gold pieces
 60609 | Vaults:5 | Bought a potion of might for 52 gold pieces
 60609 | Vaults:5 | Bought a potion of curing for 39 gold pieces
 60609 | Vaults:5 | Bought a potion of curing for 39 gold pieces
 60609 | Vaults:5 | Bought a potion of berserk rage for 65 gold pieces
 60749 | Vaults:4 | Lost mutation: You occasionally shout uncontrollably at
                  | your foes. [potion of mutation]
 60749 | Vaults:4 | Lost mutation: You are dopey. (Int -2) [potion of mutation]
 60749 | Vaults:4 | Lost mutation: Your body sometimes deteriorates upon taking
                  | damage. [potion of mutation]
 60749 | Vaults:4 | Gained mutation: You are resistant to electric shocks.
                  | (rElec) [potion of mutation]
 60749 | Vaults:4 | Gained mutation: You are partially covered in iridescent
                  | scales. (AC +2) [potion of mutation]
 60749 | Vaults:4 | Gained mutation: You are clumsy. (Dex -2) [potion of
                  | mutation]
 60749 | Vaults:4 | Gained mutation: Your muscles are strong. (Str +4, Int/Dex
                  | -1) [potion of mutation]
 60750 | Vaults:4 | Lost mutation: Your muscles are strong. (Str +4, Int/Dex
                  | -1) [potion of mutation]
 60750 | Vaults:4 | Lost mutation: You are resistant to electric shocks.
                  | (rElec) [potion of mutation]
 60750 | Vaults:4 | Gained mutation: One of your tentacles bears a spike.
                  | [potion of mutation]
 60750 | Vaults:4 | Gained mutation: You expend magic power (3 MP) to
                  | strengthen your wands. [potion of mutation]
 60750 | Vaults:4 | Gained mutation: You are frail. (-10% HP) [potion of
                  | mutation]
 60751 | Vaults:4 | Lost mutation: You expend magic power (3 MP) to strengthen
                  | your wands. [potion of mutation]
 60751 | Vaults:4 | Lost mutation: You are frail. (-10% HP) [potion of
                  | mutation]
 60751 | Vaults:4 | Lost mutation: One of your tentacles bears a spike. [potion
                  | of mutation]
 60751 | Vaults:4 | Gained mutation: Your body sometimes deteriorates upon
                  | taking damage. [potion of mutation]
 60751 | Vaults:4 | Lost mutation: You are clumsy. (Dex -2) [potion of
                  | mutation]
 60752 | Vaults:4 | Lost mutation: You are partially covered in iridescent
                  | scales. (AC +2) [potion of mutation]
 60752 | Vaults:4 | Lost mutation: Your body sometimes deteriorates upon taking
                  | damage. [potion of mutation]
 60752 | Vaults:4 | Gained mutation: You expend magic power (3 MP) to
                  | strengthen your wands. [potion of mutation]
 60752 | Vaults:4 | Gained mutation: Your muscles are strong. (Str +4, Int/Dex
                  | -1) [potion of mutation]
 60753 | Vaults:4 | Lost mutation: You expend magic power (3 MP) to strengthen
                  | your wands. [potion of mutation]
 60753 | Vaults:4 | Lost mutation: Your muscles are strong. (Str +4, Int/Dex
                  | -1) [potion of mutation]
 60753 | Vaults:4 | Gained mutation: You are dopey. (Int -2) [potion of
                  | mutation]
 60753 | Vaults:4 | Gained mutation: You occasionally lose the ability to read
                  | scrolls when taking damage. [potion of mutation]
 60753 | Vaults:4 | Gained mutation: You occasionally shout uncontrollably at
                  | your foes. [potion of mutation]
 60753 | Vaults:4 | Gained mutation: A frigid envelope surrounds you and
                  | freezes all who hurt you. [potion of mutation]
 60754 | Vaults:4 | Lost mutation: A frigid envelope surrounds you and freezes
                  | all who hurt you. [potion of mutation]
 60754 | Vaults:4 | Lost mutation: You occasionally shout uncontrollably at
                  | your foes. [potion of mutation]
 60754 | Vaults:4 | Lost mutation: You are dopey. (Int -2) [potion of mutation]
 60755 | Vaults:4 | Lost mutation: You occasionally lose the ability to read
                  | scrolls when taking damage. [potion of mutation]
 60755 | Vaults:4 | Gained mutation: You are partially covered in iridescent
                  | scales. (AC +2) [potion of mutation]
 60755 | Vaults:4 | Gained mutation: You are clumsy. (Dex -2) [potion of
                  | mutation]
 60755 | Vaults:4 | Gained mutation: You expend magic power (3 MP) to
                  | strengthen your wands. [potion of mutation]
 60756 | Vaults:4 | Lost mutation: You expend magic power (3 MP) to strengthen
                  | your wands. [potion of mutation]
 60756 | Vaults:4 | Lost mutation: You are partially covered in iridescent
                  | scales. (AC +2) [potion of mutation]
 60756 | Vaults:4 | Gained mutation: You are occasionally teleported next to
                  | monsters. [potion of mutation]
 60756 | Vaults:4 | Gained mutation: Your spells are a little harder to cast,
                  | but a little more powerful. [potion of mutation]
 60758 | Vaults:4 | Lost mutation: You are clumsy. (Dex -2) [potion of
                  | mutation]
 60758 | Vaults:4 | Lost mutation: Your spells are a little harder to cast, but
                  | a little more powerful. [potion of mutation]
 60758 | Vaults:4 | Gained mutation: You possess an exceptional clarity of
                  | mind. [potion of mutation]
 60758 | Vaults:4 | Gained mutation: You are frail. (-10% HP) [potion of
                  | mutation]
 60758 | Vaults:4 | Gained mutation: You are strong-willed. (Will+) [potion of
                  | mutation]
 60759 | Vaults:4 | Lost mutation: You are occasionally teleported next to
                  | monsters. [potion of mutation]
 60759 | Vaults:4 | Lost mutation: You are strong-willed. (Will+) [potion of
                  | mutation]
 60759 | Vaults:4 | Gained mutation: You are strong-willed. (Will+) [potion of
                  | mutation]
 60759 | Vaults:4 | Lost mutation: You possess an exceptional clarity of mind.
                  | [potion of mutation]
 60759 | Vaults:4 | Gained mutation: Your muscles are strong. (Str +4, Int/Dex
                  | -1) [potion of mutation]
 60760 | Vaults:4 | Lost mutation: You are strong-willed. (Will+) [potion of
                  | mutation]
 60760 | Vaults:4 | Lost mutation: Your muscles are strong. (Str +4, Int/Dex
                  | -1) [potion of mutation]
 60760 | Vaults:4 | Lost mutation: You are frail. (-10% HP) [potion of
                  | mutation]
 60760 | Vaults:4 | Gained mutation: You are clumsy. (Dex -2) [potion of
                  | mutation]
 60760 | Vaults:4 | Gained mutation: Your magical capacity is low. (-10% MP)
                  | [potion of mutation]
 60761 | Vaults:4 | Lost mutation: Your magical capacity is low. (-10% MP)
                  | [potion of mutation]
 60761 | Vaults:4 | Lost mutation: You are clumsy. (Dex -2) [potion of
                  | mutation]
 60761 | Vaults:4 | Gained mutation: You occasionally lose the ability to read
                  | scrolls when taking damage. [potion of mutation]
 60762 | Vaults:4 | Lost mutation: You occasionally lose the ability to read
                  | scrolls when taking damage. [potion of mutation]
 60762 | Vaults:4 | Gained mutation: You are vulnerable to cold. (rC-) [potion
                  | of mutation]
 60763 | Vaults:4 | Lost mutation: You are vulnerable to cold. (rC-) [potion of
                  | mutation]
 60763 | Vaults:4 | Gained mutation: Your mind is acute. (Int +4, Str/Dex -1)
                  | [potion of mutation]
 60763 | Vaults:4 | Gained mutation: You have a pair of small antennae on your
                  | head. [potion of mutation]
 60763 | Vaults:4 | Gained mutation: You occasionally lose the ability to drink
                  | potions when taking damage. [potion of mutation]
 61053 | Depths:1 | Killed Sesmit's ghost
 61054 | Depths:1 | Reached skill level 17 in Fighting
 61079 | Depths:1 | Gained mutation: Your body sometimes deteriorates upon
                  | taking damage. [mutagenic glow]
 61099 | Depths:1 | Gained mutation: You are occasionally teleported next to
                  | monsters. [mutagenic glow]
 61108 | Depths:1 | Gained mutation: Your body often deteriorates upon taking
                  | damage. [mutagenic glow]
 61127 | Depths:1 | Gained mutation: Your magical capacity is low. (-10% MP)
                  | [mutagenic glow]
 61309 | Depths:1 | Lost mutation: Your mind is acute. (Int +4, Str/Dex -1)
                  | [potion of mutation]
 61309 | Depths:1 | Lost mutation: Your magical capacity is low. (-10% MP)
                  | [potion of mutation]
 61309 | Depths:1 | Lost mutation: You are occasionally teleported next to
                  | monsters. [potion of mutation]
 61309 | Depths:1 | Lost mutation: Your body often deteriorates upon taking
                  | damage. [potion of mutation]
 61309 | Depths:1 | Gained mutation: Your mind is acute. (Int +4, Str/Dex -1)
                  | [potion of mutation]
 61310 | Depths:1 | Lost mutation: Your body sometimes deteriorates upon taking
                  | damage. [potion of mutation]
 61310 | Depths:1 | Lost mutation: You occasionally lose the ability to drink
                  | potions when taking damage. [potion of mutation]
 61310 | Depths:1 | Gained mutation: Your flesh is cold resistant. (rC+)
                  | [potion of mutation]
 61310 | Depths:1 | Gained mutation: Your muscles are strong. (Str +4, Int/Dex
                  | -1) [potion of mutation]
 61347 | Depths:4 | Entered Level 4 of the Depths
 61376 | Depths:4 | Reached skill level 18 in Unarmed Combat
 61376 | Depths:4 | Found a radiant altar of Vehumet.
 61630 | Depths:4 | Identified +0 gold dragon scales
 61633 | Depths:4 | +0 gold dragon scales {rare}; a golden dragon corpse
 61648 | Depths:4 | Reached XP level 25. HP: 192/192 MP: 44/44
 61933 | Depths:4 | Identified the ring of Aryil {+Blink rF+ rCorr AC+4 Int-4}
 61941 | Depths:4 | Found a gate to the Realm of Zot.
 61965 | Depths:4 | Identified the +3 leather armour of the Untouchables
                  | {+Blink Fly rF- Int+7}
 61971 | Depths:4 | Reached skill level 17 in Dodging
 62066 | Depths:4 | You pick up a book of the Earth and begin reading...
 62422 | Depths:4 | Killed a caustic shrike
 62477 | Depths:4 | Reached skill level 18 in Fighting
 62749 | Zot:1    | Entered Level 1 of the Realm of Zot
 62751 | Zot:1    | Noticed an electric golem
 62767 | Zot:1    | Killed an electric golem
 62768 | Zot:1    | Reached skill level 19 in Unarmed Combat
 63056 | Zot:1    | Noticed an electric golem
 63074 | Zot:1    | Killed an electric golem
 63978 | Zot:4    | Identified the ring "Ivid" {Ice rElec rCorr Str+6}
 63978 | Zot:4    | Noticed Josephina
 64036 | Zot:4    | Noticed an electric golem
 64044 | Zot:5    | Entered Level 5 of the Realm of Zot
 64149 | Zot:5    | Reached skill level 18 in Dodging
 64221 | Zot:5    | Noticed a Killer Klown
 64240 | Zot:5    | Killed a Killer Klown
 64456 | Zot:5    | Identified the +1 broad axe of Invincibility {heavy, *Rage
                  | rElec rN+++ Will+}
 64464 | Zot:5    | Reached XP level 26. HP: 205/205 MP: 45/45
 64799 | Zot:5    | Learned a level 7 spell: Malign Gateway
 64810 | Zot:5    | Reached skill level 1 in Translocations
 64871 | Zot:5    | Reached skill level 2 in Translocations
 64874 | Zot:5    | Noticed an electric golem
 64891 | Zot:5    | Killed an electric golem
 64892 | Zot:5    | Reached skill level 3 in Translocations
 65115 | Zot:5    | Noticed an orb of fire
 65120 | Zot:5    | Gained mutation: You occasionally lose the ability to read
                  | scrolls when taking damage. [an orb of fire]
 65127 | Zot:5    | Gained mutation: You are partially covered in iridescent
                  | scales. (AC +2) [an orb of fire]
 65132 | Zot:5    | Killed an orb of fire
 65133 | Zot:5    | Reached skill level 4 in Translocations
 65169 | Zot:5    | Noticed a dread lich
 65175 | Zot:5    | Killed a dread lich
 65176 | Zot:5    | Reached skill level 5 in Translocations
 65177 | Zot:5    | Noticed an orb of fire
 65183 | Zot:5    | Noticed an orb of fire
 65185 | Zot:5    | Killed an orb of fire
 65186 | Zot:5    | Reached skill level 6 in Translocations
 65193 | Zot:5    | Gained mutation: You are clumsy. (Dex -2) [an orb of fire]
 65195 | Zot:5    | Killed an orb of fire
 65198 | Zot:5    | Noticed an electric golem
 65199 | Zot:5    | Noticed a Killer Klown
 65199 | Zot:5    | Noticed an orb of fire
 65209 | Zot:5    | Noticed a Killer Klown
 65210 | Zot:5    | Killed an electric golem
 65211 | Zot:5    | Reached skill level 7 in Translocations
 65213 | Zot:5    | Gained mutation: You sometimes lose the ability to read
                  | scrolls when taking damage. [an orb of fire]
 65216 | Zot:5    | Killed an orb of fire
 65223 | Zot:5    | +0 shadow dragon scales {rare}; a shadow dragon corpse
 65231 | Zot:5    | Killed a Killer Klown
 65232 | Zot:5    | Reached skill level 8 in Translocations
 65235 | Zot:5    | Killed a Killer Klown
 65246 | Zot:5    | Reached skill level 9 in Translocations
 65249 | Zot:5    | Noticed a Killer Klown
 65259 | Zot:5    | Noticed an orb of fire
 65263 | Zot:5    | Noticed an orb of fire
 65266 | Zot:5    | Reached skill level 10 in Translocations
 65266 | Zot:5    | Noticed an orb of fire
 65267 | Zot:5    | Noticed an orb of fire
 65268 | Zot:5    | Noticed an orb of fire
 65272 | Zot:5    | +0 shadow dragon scales {rare}; a shadow dragon corpse
 65276 | Zot:5    | Noticed an orb of fire
 65277 | Zot:5    | Gained mutation: You occasionally lose the ability to drink
                  | potions when taking damage. [an orb of fire]
 65277 | Zot:5    | HP: 51/205 [orb of fire/bolt of fire (19)]
 65278 | Zot:5    | Gained mutation: You sometimes lose the ability to drink
                  | potions when taking damage. [an orb of fire]
 65278 | Zot:5    | HP: 19/205 [Orb Guardian (32)]
 65279 | Zot:5    | Killed from afar by an orb of fire

Vanquished Creatures
  2 dread liches
  4 orbs of fire (Zot:5)
  2 Killer Klowns (Zot:5)
  Saint Roka (Vaults:1)
  Bai Suzhen (Swamp:3)
  The ghost of Sesmit the Acrobat, a veteran DjCj of Ashenzari (Depths:1)
  4 caustic shrikes
  Jory (Vaults:2)
  7 golden dragons
  Nikola (Swamp:3)
  3 walking crystal tomes (Depths:3)
  4 electric golems
  A Brimstone Fiend (WizLab)
  17 Orb Guardians (Zot:5)
  16 tentacled monstrosities
  A lich (Depths:3)
  A walking frostbound tome (Depths:2)
  5 titans
  A walking divine tome (Depths:3)
  2 deep elf blademasters (Elf:3)
  Gastronok (Lair:3)
  A sphinx (Depths:2)
  An ancient champion (Depths:3)
  15 shadow dragons
  4 quicksilver dragons
  4 death cobs (Zot:1)
  6 storm dragons
  2 fenstrider witches
  9 draconian monks
  7 frost giants
  7 tengu reavers
  A draconian knight (Zot:5)
  3 iron dragons
  4 deep elf sorcerers
  11 fire giants
  Donald (Swamp:2)
  A balrug (Depths:3)
  13 vault wardens
  A draconian scorcher (Zot:3)
  A draconian stormcaller (Zot:1)
  6 emperor scorpions
  Aizul (Vaults:2)
  An orc warlord (Vaults:4)
  4 deep elf elementalists
  6 draconian shifters
  7 ghost moths
  14 ironbound preservers
  3 broodmothers
  34 very ugly things
  3 cacodemons (Depths:1)
  6 draconian annihilators
  6 ironbound thunderhulks
  A spriggan defender (Depths:3)
  2 war gargoyles (Vaults:5)
  4 ghouls
  4 vampire knights
  10 green draconians
  9 stone giants
  10 black draconians
  A lorocyproca (WizLab)
  7 deep elf annihilators (Elf:3)
  9 white draconians
  10 deep elf demonologists
  4 yellow draconians
  5 bunyips
  4 dire elephants (Vaults:4)
  10 red draconians
  14 spark wasps
  6 purple draconians
  The ghost of Xqipyl the Destroyer, a journeyman GrFE of Vehumet (D:12)
  7 deep elf death magi
  2 jiangshi (Depths:1)
  7 deep elf high priests
  2 blizzard demons
  10 ettins
  2 crystal guardians (D:15)
  14 yaktaur captains
  4 green deaths
  20 hydras
  4 great orbs of eyes
  6 fire dragons
  11 entropy weavers
  31 vault guards
  8 ice dragons
  2 rakshasas
  A catoblepas (Lair:4)
  4 ghost crabs
  4 hell beasts
  6 ironbound frosthearts
  A jorogumo (Spider:1)
  2 spriggan air magi (Depths:3)
  An anaconda (Swamp:1)
  Erica (D:9)
  A death knight (D:15)
  8 boulder beetles
  11 alligators
  12 centaur warriors
  13 dancing weapons
  A two-headed ogre (D:13)
  5 tengu warriors
  11 deep troll shamans
  2 radroaches (Spider:2)
  8 deep troll earth magi
  2 vampire magi (Depths:1)
  5 orc high priests
  3 thrashing horrors (Swamp:4)
  A soul eater (WizLab)
  4 spriggan berserkers (Depths:2)
  A death yak (Gauntlet)
  3 sun demons
  18 deep elf knights
  Sonja (Lair:3)
  21 hell knights
  A fire crab (Lair:5)
  2 shadow wraiths (Vaults:5)
  2 sixfirhies (Gauntlet)
  7 iron trolls
  13 skeletal warriors
  A sun moth (Spider:3)
  4 skysharks
  A flayed ghost (Depths:3)
  2 death drakes (Depths:4)
  6 goliath frogs
  10 bog bodies
  7 spriggan druids
  A swamp dragon (shapeshifter) (Gauntlet)
  12 swamp dragons
  An orange crystal statue (D:15)
  11 orb spiders
  46 deep trolls
  10 wizards
  3 glowing orange brains
  Pikel (D:5)
  10 lindwurms
  20 ironbound convokers
  27 deep elf pyromancers
  6 steelbarb worms
  6 orc knights
  10 necromancers
  25 deep elf archers
  20 deep elf zephyrmancers
  A sphinx zombie (Vaults:1)
  3 phantasmal warriors (Vaults:5)
  38 ugly things
  3 tengu skeletons
  19 wolf spiders
  4 cyclopes
  7 orc sorcerers
  5 will-o-the-wisps
  A salamander (shapeshifter) (Vaults:5)
  4 manticores
  A moth of wrath (shapeshifter) (Vaults:5)
  14 vault sentinels
  Maurice (D:9)
  A frost giant skeleton (Vaults:5)
  5 human skeletons
  5 black mambas
  4 elephants (Lair:3)
  16 moths of wrath
  A fire giant skeleton (Vaults:3)
  An orange demon (Swamp:4)
  6 demonic crawlers
  2 stone giant skeletons
  6 torpor snails
  An efreet (D:15)
  An unseen horror (D:11)
  7 cane toads
  8 komodo dragons
  Psyche (D:12)
  2 freezing wraiths
  A tormentor (WizLab)
  3 rime drakes
  7 yaktaurs
  An ice devil (WizLab)
  3 tengu conjurers (Depths:2)
  A red devil (Depths:2)
  8 meliai
  A hellwing (Depths:2)
  A shadow dragon simulacrum (Vaults:5)
  10 hornets
  30 tarantellas
  8 trolls
  6 tyrant leeches
  2 polar bears
  A nameless horror (Spider:2)
  23 blink frogs
  A snapping turtle (shapeshifter) (Depths:1)
  A raiju (shapeshifter) (Vaults:5)
  5 dream sheep
  27 culicivoras
  46 slime creatures
  7 shadows
  37 jumping spiders
  A vampire (D:11)
  2 ynoxinuls (WizLab)
  A wyvern (Lair:3)
  3 wraiths
  An elf simulacrum (Vaults:1)
  18 spriggans
  4 air elementals
  A human (Swamp:3)
  An ettin skeleton (Vaults:3)
  A spriggan (shapeshifter) (Elf:2)
  25 yaks
  12 water elementals
  2 fire elementals
  2 basilisks
  3 hogs
  38 redbacks
  8 vampire mosquitoes
  4 elf skeletons
  A two-headed ogre zombie (D:10)
  A chaos spawn (Depths:2)
  An acid dragon (D:10)
  14 swamp worms
  Edmund (D:5)
  5 wargs
  9 water moccasins
  3 floating eyes
  19 orc warriors
  A swamp drake (shapeshifter) (Depths:2)
  2 ice beasts
  A black bear (shapeshifter) (Depths:1)
  6 black bears
  4 swamp drakes
  2 ice beasts (shapeshifter) (Depths:1)
  3 boggarts (Lair:5)
  4 centaurs
  14 wolves (Lair:5)
  11 ogres
  A lemure (D:5)
  5 kobold brigands
  6 phantoms
  Blork the orc (D:6)
  15 bullfrogs
  2 gnoll sergeants
  3 scorpions
  2 necrophages
  3 earth elementals
  8 wights (D:10)
  17 killer bees
  2 troll zombies (D:10)
  3 electric eels
  5 howler monkeys
  4 crimson imps (D:5)
  2 hounds
  A jelly (shapeshifter) (Depths:1)
  18 orc priests
  A gnoll bouda (D:8)
  4 iguanas
  25 orc wizards
  5 ogre zombies (D:10)
  13 gnolls
  13 adders
  A shadow imp (D:6)
  2 white imps
  6 worms
  2 dart slugs
  63 orcs
  7 ball pythons
  7 endoplasms
  A giant cockroach (shapeshifter) (Depths:1)
  3 giant cockroaches
  A hobgoblin (shapeshifter) (Depths:1)
  6 hobgoblins
  26 kobolds
  3 quokkas
  4 bats
  A bat (shapeshifter) (Depths:1)
  6 frilled lizards
  7 goblins
  6 goblin skeletons (D:10)
  2 goblin zombies (D:10)
  A hobgoblin skeleton (D:10)
  4 hobgoblin zombies (D:10)
  An orc skeleton (D:10)
  11 orc zombies (D:10)
  A rat (shapeshifter) (Depths:1)
  6 rats
1880 creatures vanquished.

Vanquished Creatures (collateral kills)
  2 juggernauts (Depths:2)
  A Killer Klown (Zot:5)
  Arachne (Spider:4)
  4 Orb Guardians (Zot:5)
  A tentacled monstrosity (Depths:1)
  A deep elf master archer (Elf:3)
  A frost giant (Depths:2)
  An emperor scorpion (Spider:3)
  A deep elf sorcerer (Elf:3)
  A balrug (WizLab)
  An ironbound preserver (Vaults:3)
  A stone giant (Vaults:3)
  A lorocyproca (WizLab)
  A minotaur (Gauntlet)
  A yaktaur captain (Vaults:3)
  A deep elf high priest (Elf:3)
  An entropy weaver (Spider:4)
  3 vault guards
  A catoblepas (Lair:5)
  An ironbound frostheart (Vaults:3)
  2 two-headed ogres
  A deep troll shaman (Depths:2)
  A fire crab (shapeshifter) (Depths:3)
  4 deep trolls
  A skyshark (Lair:3)
  A wizard (D:15)
  2 swamp dragons (Swamp:4)
  An ironbound convoker (Vaults:4)
  An orc knight (Orc:2)
  A necromancer (Depths:3)
  A deep elf archer (Elf:1)
  A lindwurm (Vaults:1)
  An orc sorcerer (Orc:2)
  2 deep elf pyromancers (Elf:1)
  4 ugly things
  A manticore (D:14)
  6 wolf spiders
  A cyclops (D:13)
  3 elephants (Lair:5)
  An orange demon (Swamp:4)
  A torpor snail (Spider:2)
  3 black mambas (Lair:5)
  A gargoyle (D:13)
  4 cane toads
  A smoke demon (WizLab)
  2 komodo dragons
  An ice devil (WizLab)
  4 polar bears
  2 tarantellas (Spider:4)
  8 blink frogs
  2 jumping spiders (Spider:4)
  3 culicivoras
  A spriggan (Lair:5)
  A ynoxinul (WizLab)
  2 yaks
  6 redbacks
  A basilisk (Lair:5)
  A vampire mosquito (D:14)
  A chaos spawn (WizLab)
  A warg (Orc:2)
  An acid dragon (D:12)
  2 water moccasins (Lair:5)
  2 black bears
  A boggart (Lair:5)
  6 wolves (Lair:5)
  2 howler monkeys (D:11)
  A hound (shapeshifter) (Depths:1)
  An orc priest (D:11)
  An orc wizard (D:11)
  2 orcs
  2 kobolds (D:11)
129 creatures vanquished.

Vanquished Creatures (others)
  3 eldritch tentacles (Zot:5)
  Kirke (Swamp:3)
  A swamp dragon (Swamp:4)
  A deep elf zephyrmancer (Elf:3)
  A deep elf pyromancer (Elf:2)
  6 bloated husks
  3 humans (Swamp:3)
  A swamp worm (Swamp:3)
  An orc wizard (Vaults:5)
  3 foxfires
  28 fungi
  91 plants
140 creatures vanquished.

Grand Total: 2149 creatures vanquished

Table legend:
 A = Non-vault XP
 B = Vault XP
 C = Vault XP percentage of total XP
 D = Non-vault monster count
 E = Vault monster count
 F = Vault count percentage of total count
                 A         B        C        D         E       F
            +---------+---------+-------+---------+---------+-------
      Total |  598437 |  591758 |  49.7 |    1227 |     784 |  39.0
            +---------+---------+-------+---------+---------+-------
        D:1 |      25 |       0 |   0.0 |      16 |       0 |   0.0
        D:2 |      76 |      26 |  25.5 |      21 |       9 |  30.0
        D:3 |      20 |       9 |  31.0 |       6 |       4 |  40.0
        D:4 |     302 |      14 |   4.4 |      17 |       4 |  19.0
        D:5 |     580 |    1180 |  67.0 |      15 |       8 |  34.8
        D:6 |     944 |     327 |  25.7 |      20 |       8 |  28.6
        D:7 |     845 |     178 |  17.4 |      18 |       4 |  18.2
        D:8 |    1405 |      63 |   4.3 |      12 |       1 |   7.7
        D:9 |    1896 |    2323 |  55.1 |      24 |      18 |  42.9
       D:10 |    2326 |    1087 |  31.8 |      36 |      37 |  50.7
       D:11 |    6444 |       0 |   0.0 |      33 |       0 |   0.0
       D:12 |    3718 |    1316 |  26.1 |      13 |       2 |  13.3
       D:13 |    7278 |       0 |   0.0 |      17 |       0 |   0.0
       D:14 |    5743 |    9109 |  61.3 |      17 |      12 |  41.4
       D:15 |   10372 |    6911 |  40.0 |      21 |       8 |  27.6
     Lair:1 |    1264 |       0 |   0.0 |       4 |       0 |   0.0
     Lair:2 |    8214 |     897 |   9.8 |      31 |       4 |  11.4
     Lair:3 |    8873 |    3528 |  28.4 |      24 |       6 |  20.0
     Lair:4 |    5778 |       0 |   0.0 |      18 |       0 |   0.0
     Lair:5 |   14633 |    9726 |  39.9 |      38 |      50 |  56.8
    Swamp:1 |   16730 |    6297 |  27.3 |      33 |       9 |  21.4
    Swamp:2 |   12822 |    1659 |  11.5 |      24 |       3 |  11.1
    Swamp:3 |   11373 |    6591 |  36.7 |      21 |       4 |  16.0
    Swamp:4 |   18084 |   20832 |  53.5 |      32 |      31 |  49.2
   Spider:1 |   10775 |    5105 |  32.1 |      27 |       9 |  25.0
   Spider:2 |   29639 |       0 |   0.0 |      79 |       0 |   0.0
   Spider:3 |   14201 |       0 |   0.0 |      28 |       0 |   0.0
   Spider:4 |   21799 |   18843 |  46.4 |      50 |      40 |  44.4
      Orc:1 |    2416 |       0 |   0.0 |      17 |       0 |   0.0
      Orc:2 |    1948 |    8237 |  80.9 |      29 |      25 |  46.3
      Elf:1 |   12569 |    6801 |  35.1 |      21 |      11 |  34.4
      Elf:2 |    9184 |   13293 |  59.1 |      19 |      32 |  62.7
      Elf:3 |   43134 |   30363 |  41.3 |      67 |      28 |  29.5
   Vaults:1 |   12204 |   22969 |  65.3 |      18 |      41 |  69.5
   Vaults:2 |   21384 |    4523 |  17.5 |      31 |       4 |  11.4
   Vaults:3 |   26941 |   21206 |  44.0 |      37 |      31 |  45.6
   Vaults:4 |   21719 |   39448 |  64.5 |      33 |      48 |  59.3
   Vaults:5 |    9907 |   90443 |  90.1 |      24 |      85 |  78.0
   Depths:1 |   18266 |   22993 |  55.7 |      29 |      25 |  46.3
   Depths:2 |   44216 |   43420 |  49.5 |      58 |      41 |  41.4
   Depths:3 |   37271 |   41420 |  52.6 |      38 |      31 |  44.9
   Depths:4 |   37021 |   60928 |  62.2 |      41 |      52 |  55.9
      Zot:1 |   45872 |       0 |   0.0 |      37 |       0 |   0.0
      Zot:2 |    2896 |       0 |   0.0 |       3 |       0 |   0.0
      Zot:3 |    1224 |       0 |   0.0 |       1 |       0 |   0.0
      Zot:4 |    4169 |       0 |   0.0 |       3 |       0 |   0.0
      Zot:5 |   29937 |   72634 |  70.8 |      26 |      32 |  55.2
     WizLab |       0 |   12274 | 100.0 |       0 |      18 | 100.0
   Gauntlet |       0 |    4785 | 100.0 |       0 |       9 | 100.0
            +---------+---------+-------+---------+---------+-------

Illustrated notes

Table legend:
 A = Kills in this place as a percentage of kills in entire the game.
 B = Kills by you in this place as a percentage of kills by you in the entire game.
 C = Kills by friends in this place as a percentage of kills by friends in the entire game.
 D = Other kills in this place as a percentage of other kills in the entire game.
 E = Experience gained in this place as a percentage of experience gained in the entire game.
 F = Experience gained in this place divided by the number of levels of this place that you have seen.
                   A       B       C       D       E      F
               +-------+-------+-------+-------+-------+----------------------
         Total | 100.0 | 100.0 | 100.0 | 100.0 | 100.0 | 23337.2
       Dungeon |  19.9 |  20.4 |  14.7 |   0.0 |   5.4 | 4301.1
          Lair |   8.7 |   7.2 |  31.0 |   0.0 |   4.4 | 10582.6
         Swamp |   7.8 |   8.0 |   2.3 |  50.0 |   7.9 | 23597.0
   Spider Nest |  11.6 |  11.2 |  17.1 |  16.7 |   8.4 | 25090.5
  Orcish Mines |   3.5 |   3.6 |   3.1 |   0.0 |   1.1 | 6300.5
   Elven Halls |   8.9 |   9.1 |   4.7 |  33.3 |   9.7 | 38448.0
        Vaults |  17.5 |  18.0 |  11.6 |   0.0 |  22.7 | 54148.8
        Depths |  15.7 |  16.4 |   6.2 |   0.0 |  25.7 | 76383.8
           Zot |   5.1 |   5.2 |   3.9 |   0.0 |  13.2 | 31346.4
        Wizlab |   0.9 |   0.6 |   4.7 |   0.0 |   1.0 | 12274.0
      Gauntlet |   0.4 |   0.4 |   0.8 |   0.0 |   0.4 | 4785.0
               +-------+-------+-------+-------+-------+----------------------

Table legend: (Time is in decaauts)
 A = Elapsed time spent in this place.
 B = Non-inter-level travel time spent in this place.
 C = Inter-level travel time spent in this place.
 D = Time resting spent in this place.
 E = Time spent auto-exploring this place.
 F = Levels seen in this place.
 G = Mean time per level.
                   A        B        C        D        E       F      G
               +--------+--------+--------+--------+--------+-----+--------+
         Total |  70067 |  66366 |   3701 |  19573 |  33936 |  51 | 1373.9 |
       Dungeon |  20390 |  19101 |   1289 |   5470 |  10769 |  15 | 1359.3 |
        Temple |    294 |    202 |     92 |      0 |    162 |   1 |  294.0 |
          Lair |   8284 |   7889 |    395 |   2416 |   4277 |   5 | 1656.8 |
         Swamp |   6020 |   5853 |    167 |   2438 |   2246 |   4 | 1505.0 |
   Spider Nest |   6758 |   6528 |    230 |   1139 |   4177 |   4 | 1689.5 |
  Orcish Mines |   2177 |   2030 |    147 |    708 |    972 |   2 | 1088.5 |
   Elven Halls |   4550 |   4385 |    165 |    881 |   2557 |   3 | 1516.7 |
        Vaults |   9273 |   8633 |    640 |   2127 |   4563 |   5 | 1854.6 |
        Depths |   8328 |   7810 |    518 |   2975 |   2900 |   4 | 2082.0 |
           Zot |   2428 |   2375 |     53 |    599 |   1098 |   5 |  485.6 |
         Trove |     69 |     69 |      0 |      0 |      0 |   1 |   69.0 |
        Wizlab |    752 |    752 |      0 |    335 |    176 |   1 |  752.0 |
      Gauntlet |    738 |    738 |      0 |    484 |     37 |   1 |  738.0 |
               +--------+--------+--------+--------+--------+-----+--------+

Top non-repeatable levels by time:
Depths:2: 4075 daAuts
    D:15: 2421 daAuts
Vaults:3: 2379 daAuts
Vaults:4: 2307 daAuts
   Elf:3: 2221 daAuts
  Lair:4: 2085 daAuts
Spider:2: 2076 daAuts
  Lair:5: 1962 daAuts
     D:9: 1864 daAuts
Spider:4: 1849 daAuts
Spider:1: 1784 daAuts
 Swamp:1: 1722 daAuts
  Lair:3: 1722 daAuts
     D:6: 1673 daAuts
  Lair:2: 1646 daAuts
